Workbook
Name CDC_EQUIP: #REF!
Name CDC_EQUIP: #REF!
Name dsdsds: #REF!
Name dsdsds: #REF!
Name PC_CTBXGER: #REF!
Name PC_CTBXGER: #REF!
Name PC_PESS: #REF!
Name PC_PESS: #REF!

Sheet QUADRIMESTRAL
B2: INSTITUTO POIESIS
B3: CG 03/2020 - RELATÓRIO GERENCIAL - 2º QUADRIMESTRE 2026 - Fábricas
F5: Maio_2026 | G5: Junho_2026 | H5: Julho_2026 | I5: Agosto_2026 | J5: Total 2º Q. 2026
B7: A- | C7: DEMONSTRATIVO DAS RECEITAS REALIZADAS | F7: =SUM(F8:F11) -> 6770777.4 | G7: =SUM(G8:G11) -> 6790038.8 | H7: =SUM(H8:H11) -> 6795253.4 | I7: =SUM(I8:I11) -> 6942200.4 | J7: =SUM(J8:J11) -> 27298270
C8: Repasse Público Recebido | F8: =+'SMAC SCEIC 2Q 2026'!I12 -> 6666666.7 | G8: =+'SMAC SCEIC 2Q 2026'!J12 -> 6666666.7 | H8: =+'SMAC SCEIC 2Q 2026'!K12 -> 6666666.7 | I8: =+'SMAC SCEIC 2Q 2026'!L12 -> 6666666.7 | J8: =SUM(F8:I8) -> 26666667
C9: Receitas Próprias | F9: 0 | G9: 0 | H9: 0 | I9: 0 | J9: =SUM(F9:I9) -> 0
C10: Outras receitas | F10: =+'SMAC SCEIC 2Q 2026'!I43 -> 0 | G10: =+'SMAC SCEIC 2Q 2026'!J43 -> 0 | H10: =+'SMAC SCEIC 2Q 2026'!K43 -> 0 | I10: =+'SMAC SCEIC 2Q 2026'!L43 -> 150601.89 | J10: =SUM(F10:I10) -> 150601.89
C11: Receitas com Aplicações Financeiras | F11: =+'SMAC SCEIC 2Q 2026'!I44 -> 104110.77 | G11: =+'SMAC SCEIC 2Q 2026'!J44 -> 123372.08 | H11: =+'SMAC SCEIC 2Q 2026'!K44 -> 128586.77 | I11: =+'SMAC SCEIC 2Q 2026'!L44 -> 124931.88 | J11: =SUM(F11:I11) -> 481001.5
B12: B | C12: DEMONSTRATIVO DAS DESPESAS REALIZADAS | F12: =+F13+F22+F24+F26+F28+F35+F37+F39 -> 6033015.7 | G12: =+G13+G22+G24+G26+G28+G35+G37+G39 -> 6551211.8 | H12: =+H13+H22+H24+H26+H28+H35+H37+H39 -> 6058988 | I12: =+I13+I22+I24+I26+I28+I35+I37+I39 -> 6548401.9 | J12: =+J13+J22+J24+J26+J28+J35+J37+J39 -> 25191617
B13: 1. | C13: Recursos Humanos | F13: =+SUM(F14:F21) -> 4257377.2 | G13: =+SUM(G14:G21) -> 4517444.1 | H13: =+SUM(H14:H21) -> 3786140.2 | I13: =+SUM(I14:I21) -> 4191997.4 | J13: =+SUM(J14:J21) -> 16752959
C14: 1.1 | D14: CLT + Encargos | F14: =+'SMAC SCEIC 2Q 2026'!I55 -> 4151984.3 | G14: =+'SMAC SCEIC 2Q 2026'!J55 -> 4407598.2 | H14: =+'SMAC SCEIC 2Q 2026'!K55 -> 3683429.9 | I14: =+'SMAC SCEIC 2Q 2026'!L55 -> 4035058.9 | J14: =SUM(F14:I14) -> 16278071
E15: 400030 | J15: =SUM(F15:I15) -> 0
E16: 400056 | J16: =SUM(F16:I16) -> 0
E17: 400103 | J17: =SUM(F17:I17) -> 0
E18: 400102 | J18: =SUM(F18:I18) -> 0
E19: 400091 | J19: =SUM(F19:I19) -> 0
C20: 1.2 | D20: Diretoria | F20: =+'SMAC SCEIC 2Q 2026'!I52 -> 81299.4 | G20: =+'SMAC SCEIC 2Q 2026'!J52 -> 88768.5 | H20: =+'SMAC SCEIC 2Q 2026'!K52 -> 80988.67 | I20: =+'SMAC SCEIC 2Q 2026'!L52 -> 136272.02 | J20: =SUM(F20:I20) -> 387328.59
C21: 1.3 | D21: Estágios / Aprendizes | F21: =+'SMAC SCEIC 2Q 2026'!I61 -> 24093.55 | G21: =+'SMAC SCEIC 2Q 2026'!J61 -> 21077.32 | H21: =+'SMAC SCEIC 2Q 2026'!K61 -> 21721.65 | I21: =+'SMAC SCEIC 2Q 2026'!L61 -> 20666.5 | J21: =SUM(F21:I21) -> 87559.02
B22: 2. | C22: Prestadores de serviços (Consultorias/Assessorias/Pessoas Jurídicas) - Área Meio (Limpeza, vigilância, assessorias, informática, outros serviços prestados) | F22: =+'SMAC SCEIC 2Q 2026'!I64 -> 702885.66 | G22: =+'SMAC SCEIC 2Q 2026'!J64 -> 681330.82 | H22: =+'SMAC SCEIC 2Q 2026'!K64 -> 610004.18 | I22: =+'SMAC SCEIC 2Q 2026'!L64 -> 981347.18 | J22: =SUM(F22:I22) -> 2975567.8
J23: =SUM(F23:I23) -> 0
B24: 3. | C24: Custos gerais administrativos e Institucionais ( Locações de imóveis, Utilidades públicas, materiais de consumo, transportes, outras) | F24: =+'SMAC SCEIC 2Q 2026'!I73-F35 -> 260610.93 | G24: =+'SMAC SCEIC 2Q 2026'!J73-G35 -> 247444.46 | H24: =+'SMAC SCEIC 2Q 2026'!K73-H35 -> 287014.8 | I24: =+'SMAC SCEIC 2Q 2026'!L73-I35 -> 255135.06 | J24: =SUM(F24:I24) -> 1050205.2
J25: =SUM(F25:I25) -> 0
B26: 4. | C26: Programa de Edificações ( Conservação, manutenção e segurança) | F26: =+'SMAC SCEIC 2Q 2026'!I89 -> 142510.64 | G26: =+'SMAC SCEIC 2Q 2026'!J89 -> 118844.41 | H26: =+'SMAC SCEIC 2Q 2026'!K89 -> 136130.84 | I26: =+'SMAC SCEIC 2Q 2026'!L89 -> 136823.49 | J26: =SUM(F26:I26) -> 534309.38
J27: =SUM(F27:I27) -> 0
B28: 5. | C28: Programa de Trabalho Área Fim | F28: =+SUM(F30:F34) -> 660027.98 | G28: =+SUM(G30:G34) -> 962196.09 | H28: =+SUM(H30:H34) -> 1239636.6 | I28: =+SUM(I30:I34) -> 978743.71 | J28: =+SUM(J30:J34) -> 3840604.4
C30: 5.1 | D30: Programa Biblioteca | F30: =+'SMAC SCEIC 2Q 2026'!I98 -> 6900.02 | G30: =+'SMAC SCEIC 2Q 2026'!J98 -> 21770 | H30: =+'SMAC SCEIC 2Q 2026'!K98 -> 22476.65 | I30: =+'SMAC SCEIC 2Q 2026'!L98 -> 10285.4 | J30: =SUM(F30:I30) -> 61432.07
C31: 5.2 | D31: Programa/Ação Artistíco Pedagógico | F31: =+'SMAC SCEIC 2Q 2026'!I108 -> 294760.8 | G31: =+'SMAC SCEIC 2Q 2026'!J108 -> 544316.82 | H31: =+'SMAC SCEIC 2Q 2026'!K108 -> 476413.31 | I31: =+'SMAC SCEIC 2Q 2026'!L108 -> 218250.39 | J31: =SUM(F31:I31) -> 1533741.3
C32: 5.3 | D32: Programa Fábrica Aberta ( Articulação e Difusão) | F32: =+'SMAC SCEIC 2Q 2026'!I103 -> 87366.17 | G32: =+'SMAC SCEIC 2Q 2026'!J103 -> 81677.36 | H32: =+'SMAC SCEIC 2Q 2026'!K103 -> 193684.02 | I32: =+'SMAC SCEIC 2Q 2026'!L103 -> 215183.01 | J32: =SUM(F32:I32) -> 577910.56
C33: 5.4 | D33: Programa Circulação - Novos Projetos | F33: =+'SMAC SCEIC 2Q 2026'!I117 -> 193676.26 | G33: =+'SMAC SCEIC 2Q 2026'!J117 -> 219956.26 | H33: =+'SMAC SCEIC 2Q 2026'!K117 -> 450426.28 | I33: =+'SMAC SCEIC 2Q 2026'!L117 -> 496436.28 | J33: =SUM(F33:I33) -> 1360495.1
C34: 5.5 | D34: Programa de Comunicação | F34: =+'SMAC SCEIC 2Q 2026'!I124 -> 77324.73 | G34: =+'SMAC SCEIC 2Q 2026'!J124 -> 94475.65 | H34: =+'SMAC SCEIC 2Q 2026'!K124 -> 96636.39 | I34: =+'SMAC SCEIC 2Q 2026'!L124 -> 38588.63 | J34: =SUM(F34:I34) -> 307025.4
B35: 6. | C35: Despesas Financeiras ( Despesas bancárias, impostos) | F35: =+'SMAC SCEIC 2Q 2026'!I85 -> 9603.23 | G35: =+'SMAC SCEIC 2Q 2026'!J85 -> 0 | H35: =+'SMAC SCEIC 2Q 2026'!K85 -> 61.34 | I35: =+'SMAC SCEIC 2Q 2026'!L85 -> 4354.98 | J35: =SUM(F35:I35) -> 14019.55
J36: =SUM(F36:I36) -> 0
B37: 7. | C37: Investimentos com Recursos Vinculados ao Contrato de Gestão. | F37: =+'SMAC SCEIC 2Q 2026'!I140 -> 0 | G37: =+'SMAC SCEIC 2Q 2026'!J140 -> 23951.96 | H37: =+'SMAC SCEIC 2Q 2026'!K140 -> 0 | I37: =+'SMAC SCEIC 2Q 2026'!L140 -> 0 | J37: =SUM(F37:I37) -> 23951.96
J38: =SUM(F38:I38) -> 0
B39: 8. | C39: Reversões/Transferências Vinculados ao(s) Contratos de Gestão. | F39: 0 | G39: 0 | H39: 0 | I39: 0 | J39: =SUM(F39:I39) -> 0
B41: C- | C41: TOTAL DEMONSTRATIVO RECEITAS - DESPESAS (A-B) | F41: =F7-F12 -> 737761.78 | G41: =G7-G12 -> 238826.95 | H41: =H7-H12 -> 736265.42 | I41: =I7-I12 -> 393798.58 | J41: =J7-J12 -> 2106652.7
B43: D- SALDO INICIO PERÍODO - RECURSOS CONTRATO DE GESTÃO | F43: =SUM(F44:F46) -> 4539922.7 | G43: =SUM(G44:G46) -> 5196311.1 | H43: =SUM(H44:H46) -> 5346622.2 | I43: =SUM(I44:I46) -> 6081476.3 | J43: =SUM(J44:J46) -> 4539922.7
C44: Saldo do Exercício - Contrato de Gestão Repasses | F44: =-'bal fábricas maio'!C174 -> 732609 | G44: =-'bal fábricas junho'!C174 -> 1388997.4 | H44: =-'bal fábricas julho'!C174 -> 1539308.6 | I44: =-'bal fábricas agosto'!C174 -> 2274162.6 | J44: =F44 -> 732609 | K44: Ocultar
C45: Saldo do Exercício - Contrato de Gestão Reservas | F45: =-'bal fábricas maio'!C175 -> 0 | G45: =-'bal fábricas junho'!C175 -> 0 | H45: =-'bal fábricas julho'!C175 -> 0 | I45: =-'bal fábricas agosto'!C175 -> 0 | J45: =F45 -> 0 | K45: Ocultar
C46: Saldo do Exercício - Contrato de Gestão Contingência | F46: =-'bal fábricas maio'!C176 -> 3807313.6 | G46: =-'bal fábricas junho'!C176 -> 3807313.6 | H46: =-'bal fábricas julho'!C176 -> 3807313.6 | I46: =-'bal fábricas agosto'!C176 -> 3807313.6 | J46: =F46 -> 3807313.6 | K46: Ocultar
B48: E- SALDO FINAL - RECURSOS CONTRATO DE GESTÃO (C+D) | F48: =+F43+F41 -> 5277684.4 | G48: =+G43+G41 -> 5435138 | H48: =+H43+H41 -> 6082887.6 | I48: =+I43+I41 -> 6475274.8 | J48: =+J43+J41 -> 6646575.4
C49: Saldo Ínicio do Exercício - Contrato de Gestão Repasses
C50: Saldo Ínicio do Exercício - Contrato de Gestão Reservas
C51: Saldo Ínicio do Exercício - Contrato de Gestão Contingência
C52: APURAÇÃO MENSAL (C-D) | F52: 0 | G52: 0 | H52: 0 | I52: 0 | J52: 0
B54: F- | C54: DEMONSTRATIVO FLUXO DE CAIXA | F54: =SUM(F55:F56) -> 33796.26 | G54: =SUM(G55:G56) -> 55533.29 | H54: =SUM(H55:H56) -> -559795.26 | I54: =SUM(I55:I56) -> 297935.1 | J54: =SUM(J55:J56) -> -172530.61
C55: (Adições)/Reduções - Ativos | F55: =+'bal fábricas maio'!I7 -> 569387.13 | G55: =+'bal fábricas junho'!I7 -> 624979.56 | H55: =-'bal fábricas julho'!I7 -> -618199.94 | I55: =+'bal fábricas agosto'!I7 -> 618196.61 | J55: =SUM(F55:I55) -> 1194363.4
C56: Adições/(Reduções) - Passivos | F56: =+'bal fábricas maio'!H118 -> -535590.87 | G56: ='bal fábricas junho'!I117 -> -569446.27 | H56: =+'bal fábricas julho'!I117 -> 58404.68 | I56: =+'bal fábricas agosto'!H118 -> -320261.51 | J56: =SUM(F56:I56) -> -1366894
B58: G- | C58: VARIAÇÃO CAIXA ( C+F) | F58: =+F41+F54 -> 771558.04 | G58: =+G41+G54 -> 294360.24 | H58: =+H41+H54 -> 176470.16 | I58: =+I41+I54 -> 691733.68 | J58: =+J41+J54 -> 1934122.1
B60: H- SALDO INICIO PERÍODO - CAIXA | F60: =SUM(F61:F64) -> 9730940.6 | G60: =SUM(G61:G64) -> 10502499 | H60: =SUM(H61:H64) -> 10796859 | I60: =SUM(I61:I64) -> 10973329 | J60: =SUM(J61:J64) -> 9730940.6
C61: Saldo do Exercício - Contrato de Gestão Repasses | F61: =+'bal fábricas maio'!C35+'bal fábricas maio'!C10 -> 4777123.9 | G61: =+'bal fábricas maio'!F35+'bal fábricas maio'!F10 -> 5431535.2 | H61: =+'bal fábricas julho'!C10+'bal fábricas julho'!C35 -> 5671951.5 | I61: =+'bal fábricas julho'!F35+'bal fábricas julho'!F10 -> 5655884.6 | J61: =+F61 -> 4777123.9
C62: Saldo do Exercício - Contrato de Gestão Reservas | F62: 0 | G62: 0 | H62: 0 | I62: 0 | J62: =+F62 -> 0
C63: Saldo do Exercício - Contrato de Gestão Contingência | F63: =+'bal fábricas maio'!C36 -> 4953816.8 | G63: =+'bal fábricas maio'!F36 -> 5070963.5 | H63: =+'bal fábricas julho'!C36 -> 5124907.4 | I63: =+'bal fábricas julho'!F36 -> 5317444.5 | J63: =+F63 -> 4953816.8
C64: Saldo do Exercício - Contrato de Gestão Captações | F64: 0 | G64: 0 | H64: 0 | J64: 0
J65: 0
B66: (=) | C66: SALDO DISPONÍVEL ( G+H) | F66: =+F58+F60 -> 10502499 | G66: =+G58+G60 -> 10796859 | H66: =+H58+H60 -> 10973329 | I66: =+I58+I60 -> 11665063 | J66: =+J58+J60 -> 11665063
B68: quarta-feira, 23 de setembro de 2026
E73: Fábio Higino Veloso | G73: Italo Borges De Souza
E74: Diretor Administrativo Financeiro Interino | G74: CRC 1SP-302854/O-6
E75: CPF: 285.616.428-58 | G75: CPF: 229.770.258-20
G76: Contador

Sheet SMAC SCEIC 2Q 2026
A1: Instituto Poiesis
A2: CG 03 / 2020
A3: Ano do Documento: 2026
A5: Prestação de Contas do Plano Orçamentário
B8: Repasses e Outros Recursos Vinculados ao Contrato de Gestão
A9: Nível | B9: Nome | C9: Orçamento Anual | D9: Janeiro | E9: Fevereiro | F9: Março | G9: Abril | H9: 1º Quadrimestre | I9: Maio | J9: Junho | K9: Julho | L9: Agosto | M9: 2º Quadrimestre | N9: 3º Quadrimestre | O9: Realizado Anual | P9: Realizado x Previsto | Q9: Observações
B10: subGrupo: Repasses e Outros Recursos Vinculados ao Contrato de Gestão
A11: 1 | B11: Recursos Líquidos para o Contrato de Gestão | C11: 79200000 | D11: 6600000 | E11: 6600000 | F11: 6600000 | G11: 6600000 | H11: 26400000 | I11: 6600000 | J11: 6600000 | K11: 6600000 | L11: 6600000 | M11: 26400000 | N11: 0 | O11: 52800000 | P11: 66,67% | Q11: -
A12: 1.1 | B12: Repasse Contrato de Gestão | C12: 80000000 | D12: 6666666.7 | E12: 6666666.7 | F12: 6666666.7 | G12: 6666666.7 | H12: 26666667 | I12: 6666666.7 | J12: 6666666.7 | K12: 6666666.7 | L12: 6666666.7 | M12: 26666667 | N12: 0 | O12: 53333333 | P12: 66,67% | Q12: -
A13: 1.2 | B13: Movimentação de Recursos Reservados | C13: -800000 | D13: -66666.67 | E13: -66666.67 | F13: -66666.67 | G13: -66666.67 | H13: -266666.68 | I13: -66666.67 | J13: -66666.67 | K13: -66666.67 | L13: -66666.67 | M13: -266666.68 | N13: 0 | O13: -533333.36 | P13: 66,67% | Q13: -
A14: 1.2.1 | B14: Constituição Recursos de Reserva | C14: 0 | D14: 0 | E14: 0 | F14: 0 | G14: 0 | H14: 0 | I14: 0 | J14: 0 | K14: 0 | L14: 0 | M14: 0 | N14: 0 | O14: 0 | P14: 0% | Q14: -
A15: 1.2.2 | B15: Reversão de Recursos de Reserva | C15: 0 | D15: 0 | E15: 0 | F15: 0 | G15: 0 | H15: 0 | I15: 0 | J15: 0 | K15: 0 | L15: 0 | M15: 0 | N15: 0 | O15: 0 | P15: 0% | Q15: -
A16: 1.2.3 | B16: Constituição Recursos de Contingência | C16: -800000 | D16: -66666.67 | E16: -66666.67 | F16: -66666.67 | G16: -66666.67 | H16: -266666.68 | I16: -66666.67 | J16: -66666.67 | K16: -66666.67 | L16: -66666.67 | M16: -266666.68 | N16: 0 | O16: -533333.36 | P16: 66,67% | Q16: -
A17: 1.2.4 | B17: Reversão de Recursos de Contingência | C17: 0 | D17: 0 | E17: 0 | F17: 0 | G17: 0 | H17: 0 | I17: 0 | J17: 0 | K17: 0 | L17: 0 | M17: 0 | N17: 0 | O17: 0 | P17: 0% | Q17: -
A18: 1.2.5 | B18: Constituição de outras reservas (especificar) | C18: 0 | D18: 0 | E18: 0 | F18: 0 | G18: 0 | H18: 0 | I18: 0 | J18: 0 | K18: 0 | L18: 0 | M18: 0 | N18: 0 | O18: 0 | P18: 0% | Q18: -
A19: 1.2.6 | B19: Reversão de outras reservas (especificar) | C19: 0 | D19: 0 | E19: 0 | F19: 0 | G19: 0 | H19: 0 | I19: 0 | J19: 0 | K19: 0 | L19: 0 | M19: 0 | N19: 0 | O19: 0 | P19: 0% | Q19: -
A20: 1.3 | B20: Outras Receitas | C20: 0 | D20: 0 | E20: 0 | F20: 0 | G20: 0 | H20: 0 | I20: 0 | J20: 0 | K20: 0 | L20: 0 | M20: 0 | N20: 0 | O20: 0 | P20: 0% | Q20: -
A21: 1.3.1 | B21: Saldo anterior para a utilização no exercício | C21: 0 | D21: 0 | E21: 0 | F21: 0 | G21: 0 | H21: 0 | I21: 0 | J21: 0 | K21: 0 | L21: 0 | M21: 0 | N21: 0 | O21: 0 | P21: 0% | Q21: -
A22: 2 | B22: Recursos de Investimento do Contrato de Gestão | C22: 0 | D22: 0 | E22: 0 | F22: 0 | G22: 0 | H22: 0 | I22: 0 | J22: 0 | K22: 0 | L22: 0 | M22: 0 | N22: 0 | O22: 0 | P22: 0% | Q22: -
... A32: 3.2 | B32: Recursos de Captação voltados a Investimentos | C32: 0 | D32: 0 | E32: 0 | F32: 0 | G32: 0 | H32: 0 | I32: 0 | J32: 0 | K32: 0 | L32: 0 | M32: 0 | N32: 0 | O32: 0 | P32: 0% | Q32: -
B34: Receitas Apropriadas Vinculadas ao Contrato de Gestão
A35: Nível | B35: Nome | C35: Orçamento Anual | D35: Janeiro | E35: Fevereiro | F35: Março | G35: Abril | H35: 1º Quadrimestre | I35: Maio | J35: Junho | K35: Julho | L35: Agosto | M35: 2º Quadrimestre | N35: 3º Quadrimestre | O35: Realizado Anual | P35: Realizado x Previsto | Q35: Observações
B36: subGrupo: Receitas Apropriadas Vinculadas ao Contrato de Gestão
A37: 4 | B37: Total de Receitas Vinculadas ao Plano de Trabalho | C37: 82448125 | D37: 5999500.1 | E37: 6831539.6 | F37: 6659147.6 | G37: 6593813.2 | H37: 26084000 | I37: 6607658.9 | J37: 6501485.7 | K37: 6058988 | L37: 7162113.1 | M37: 26330246 | N37: 0 | O37: 52414246 | P37: 63,57% | Q37: -
A38: 4.1 | B38: Receita de Repasse Apropriada | C38: 79200000 | D38: 5914077.7 | E38: 6755090.4 | F38: 6555246.5 | G38: 6495806.3 | H38: 25720221 | I38: 6503548.1 | J38: 6378113.6 | K38: 5930401.2 | L38: 6886579.3 | M38: 25698642 | N38: 0 | O38: 51418863 | P38: 64,92% | Q38: -
A39: 4.2 | B39: Receita de Captação Apropriada | C39: 2413125 | D39: 0 | E39: 0 | F39: 0 | G39: 0 | H39: 0 | I39: 0 | J39: 0 | K39: 0 | L39: 150601.89 | M39: 150601.89 | N39: 0 | O39: 150601.89 | P39: 6,24% | Q39: -
A40: 4.2.1 | B40: Captação de Recursos Operacionais (bilheteria, cessão onerosa de espaço, loja, café, doações, estacionamento, etc) | C40: 100000 | D40: 0 | E40: 0 | F40: 0 | G40: 0 | H40: 0 | I40: 0 | J40: 0 | K40: 0 | L40: 0 | M40: 0 | N40: 0 | O40: 0 | P40: 0% | Q40: -
A41: 4.2.2 | B41: Captação de Recursos Incentivados | C41: 313125 | D41: 0 | E41: 0 | F41: 0 | G41: 0 | H41: 0 | I41: 0 | J41: 0 | K41: 0 | L41: 0 | M41: 0 | N41: 0 | O41: 0 | P41: 0% | Q41: -
A42: 4.2.3 | B42: Trabalho Voluntário | C42: 0 | D42: 0 | E42: 0 | F42: 0 | G42: 0 | H42: 0 | I42: 0 | J42: 0 | K42: 0 | L42: 0 | M42: 0 | N42: 0 | O42: 0 | P42: 0% | Q42: -
A43: 4.2.4 | B43: Parcerias | C43: 2000000 | D43: 0 | E43: 0 | F43: 0 | G43: 0 | H43: 0 | I43: 0 | J43: 0 | K43: 0 | L43: 150601.89 | M43: 150601.89 | N43: 0 | O43: 150601.89 | P43: 7,53% | Q43: -
A44: 4.3 | B44: Total das Receitas Financeiras | C44: 835000 | D44: 85422.39 | E44: 76449.21 | F44: 103901.08 | G44: 98006.9 | H44: 363779.58 | I44: 104110.77 | J44: 123372.08 | K44: 128586.77 | L44: 124931.88 | M44: 481001.5 | N44: 0 | O44: 844781.08 | P44: 101,17% | Q44: -
A45: 5 | B45: Total de Receitas para realização de metas condicionadas | C45: 0 | D45: 0 | E45: 0 | F45: 0 | G45: 0 | H45: 0 | I45: 0 | J45: 0 | K45: 0 | L45: 0 | M45: 0 | N45: 0 | O45: 0 | P45: 0% | Q45: -
A46: 5.1 | B46: Receitas para realização de metas condicionadas | C46: 0 | D46: 0 | E46: 0 | F46: 0 | G46: 0 | H46: 0 | I46: 0 | J46: 0 | K46: 0 | L46: 0 | M46: 0 | N46: 0 | O46: 0 | P46: 0% | Q46: -
B48: subGrupo: Despesas do Contrato De Gestão
A49: 6 | B49: Total de Despesas | C49: 82448125 | D49: 5999500.1 | E49: 6831539.6 | F49: 6659147.6 | G49: 6593813.2 | H49: 26084000 | I49: 6639316.4 | J49: 7127497.6 | K49: 6653223.4 | L49: 7157613.1 | M49: 27577651 | N49: 0 | O49: 53661651 | P49: 65,09% | Q49: -
A50: 6.1 | B50: Subtotal Despesas | C50: 82448125 | D50: 5374640.4 | E50: 6206679.9 | F50: 6040536.5 | G50: 5981388.2 | H50: 23603245 | I50: 6033015.7 | J50: 6527259.8 | K50: 6058988 | L50: 6464122.2 | M50: 25083386 | N50: 0 | O50: 48686631 | P50: 59,05% | Q50: -
A51: 6.1.1 | B51: Recursos Humanos - Salários, encargos e benefícios | C51: 53217027 | D51: 3965121.9 | E51: 4610474.7 | F51: 4365879.8 | G51: 4090725.3 | H51: 17032202 | I51: 4257377.2 | J51: 4517444.1 | K51: 3786140.2 | L51: 4305150.6 | M51: 16866112 | N51: 0 | O51: 33898314 | P51: 63,7% | Q51: -
A52: 6.1.1.1 | B52: Diretoria | C52: 1099838 | D52: 82645.8 | E52: 82645.8 | F52: 81299.4 | G52: 81299.4 | H52: 327890.4 | I52: 81299.4 | J52: 88768.5 | K52: 80988.67 | L52: 136272.02 | M52: =SUM(I52:L52) -> 387328.59 | N52: 0 | O52: 715218.99 | P52: 65,03% | Q52: -
A53: 6.1.1.1.1 | B53: Área Meio | C53: 1099838 | D53: 82645.8 | E53: 82645.8 | F53: 81299.4 | G53: 81299.4 | H53: 327890.4 | I53: 81299.4 | J53: 88768.5 | K53: 80988.67 | L53: 136272.02 | M53: 387328.59 | N53: 0 | O53: 715218.99 | P53: 65,03% | Q53: -
A54: 6.1.1.1.2 | B54: Área Fim | C54: 0 | D54: 0 | E54: 0 | F54: 0 | G54: 0 | H54: 0 | I54: 0 | J54: 0 | K54: 0 | L54: 0 | M54: 0 | N54: 0 | O54: 0 | P54: 0% | Q54: -
A55: 6.1.1.2 | B55: Demais Funcionários | C55: 51802868 | D55: 3853083.4 | E55: 4503996.5 | F55: 4260486.1 | G55: 3990371.1 | H55: 16607937 | I55: =+I56+I57 -> 4151984.3 | J55: =+J56+J57 -> 4407598.2 | K55: =+K56+K57 -> 3683429.9 | L55: =+L56+L57 -> 4035058.9 | M55: =SUM(I55:L55) -> 16278071 | N55: 0 | O55: 32999162 | P55: 63,7% | Q55: -
A56: 6.1.1.2.1 | B56: Área Meio | C56: 9886079 | D56: 709991.9 | E56: 756836.51 | F56: 889077.62 | G56: 696566.32 | H56: 3052472.4 | I56: 763118.09 | J56: 808318.63 | K56: 634055.1 | L56: 713957.57 | M56: 2919449.4 | N56: 0 | O56: 5971921.7 | P56: 60,41% | Q56: -
A57: 6.1.1.2.2 | B57: Área Fim | C57: 41916789 | D57: 3143091.5 | E57: 3747159.9 | F57: 3371408.5 | G57: 3293804.8 | H57: 13555465 | I57: 3388866.2 | J57: 3599279.6 | K57: 3049374.8 | L57: 3321101.4 | M57: 13471775 | N57: 0 | O57: 27027240 | P57: 64,48% | Q57: -
A58: 6.1.1.3 | B58: Estagiários | C58: 0 | D58: 0 | E58: 0 | F58: 0 | G58: 0 | H58: 0 | I58: 0 | J58: 0 | K58: 0 | L58: 0 | M58: 0 | N58: 0 | O58: 0 | P58: 0% | Q58: -
A59: 6.1.1.3.1 | B59: Área Meio | C59: 0 | D59: 0 | E59: 0 | F59: 0 | G59: 0 | H59: 0 | I59: 0 | J59: 0 | K59: 0 | L59: 0 | M59: 0 | N59: 0 | O59: 0 | P59: 0% | Q59: -
A60: 6.1.1.3.2 | B60: Área Fim | C60: 0 | D60: 0 | E60: 0 | F60: 0 | G60: 0 | H60: 0 | I60: 0 | J60: 0 | K60: 0 | L60: 0 | M60: 0 | N60: 0 | O60: 0 | P60: 0% | Q60: -
A61: 6.1.1.4 | B61: Aprendizes | C61: 314321 | D61: 29392.71 | E61: 23832.44 | F61: 24094.24 | G61: 19054.83 | H61: 96374.22 | I61: 24093.55 | J61: 21077.32 | K61: 21721.65 | L61: 20666.5 | M61: 87559.02 | N61: 0 | O61: 183933.24 | P61: 58,52% | Q61: -
A62: 6.1.1.4.1 | B62: Área Meio | C62: 126737 | D62: 11631.45 | E62: 8509.32 | F62: 8262.62 | G62: 4836.98 | H62: 33240.37 | I62: 8310.09 | J62: 3531.17 | K62: 6023.02 | L62: 6385.6 | M62: 24249.88 | N62: 0 | O62: 57490.25 | P62: 45,36% | Q62: -
A63: 6.1.1.4.2 | B63: Área Fim | C63: 187584 | D63: 17761.26 | E63: 15323.12 | F63: 15831.62 | G63: 14217.85 | H63: 63133.85 | I63: 15783.46 | J63: 17546.15 | K63: 15698.63 | L63: 14280.9 | M63: 63309.14 | N63: 0 | O63: 126442.99 | P63: 67,41% | Q63: -
A64: 6.1.2 | B64: Prestadores de serviços (Consultorias/Assessorias/Pessoas Jurídicas) | C64: 7403758 | D64: 669830.73 | E64: 713106.99 | F64: 715681.42 | G64: 712923.38 | H64: 2811542.5 | I64: =+SUM(I65:I72) -> 702885.66 | J64: =+SUM(J65:J72) -> 681330.82 | K64: =+SUM(K65:K72) -> 610004.18 | L64: =+SUM(L65:L72) -> 981347.18 | M64: =+SUM(M65:M72) -> 2975567.8 | N64: 0 | O64: 5589677.6 | P64: 75,5% | Q64: -
A65: 6.1.2.1 | B65: Limpeza | C65: 2160507 | D65: 217497.02 | E65: 217912.33 | F65: 217912.31 | G65: 213348.29 | H65: 866669.95 | I65: 216667.49 | J65: 209926.04 | K65: 212068.29 | L65: =268806+197432.76 -> 466238.76 | M65: =SUM(I65:L65) -> 1104900.6 | N65: 0 | O65: =+M65+H65 -> 1971570.5 | P65: 82,12% | Q65: -
A66: 6.1.2.2 | B66: Vigilância / portaria / segurança | C66: 3042859 | D66: 330640.82 | E66: 329669.2 | F66: 330123.68 | G66: 330123.68 | H66: 1320557.4 | I66: 330139.35 | J66: 330123.67 | K66: 225087.05 | L66: 357449.64 | M66: =SUM(I66:L66) -> 1242799.7 | N66: 0 | O66: 2563357.1 | P66: 84,24% | Q66: -
A67: 6.1.2.3 | B67: Jurídica | C67: 395996 | D67: 20183.23 | E67: 20183.23 | F67: 20434.63 | G67: 23010.45 | H67: 83811.54 | I67: 20952.89 | J67: 23010.45 | K67: 29010.45 | L67: 23010.45 | M67: =SUM(I67:L67) -> 95984.24 | N67: 0 | O67: 179795.78 | P67: 45,4% | Q67: -
A68: 6.1.2.4 | B68: Informática | C68: 634787 | D68: 5370.32 | E68: 60440.79 | F68: 60405.99 | G68: 60405.97 | H68: 186623.07 | I68: 46655.77 | J68: 49875 | K68: 49875 | L68: 57138 | M68: =SUM(I68:L68) -> 203543.77 | N68: 0 | O68: 390166.84 | P68: 61,46% | Q68: -
A69: 6.1.2.5 | B69: Administrativa / RH | C69: 87651 | D69: 5887.89 | E69: 5838.59 | F69: 7284.43 | G69: 8613.39 | H69: 27624.3 | I69: 6906.08 | J69: 1960 | K69: 0 | L69: 547.74 | M69: =SUM(I69:L69) -> 9413.82 | N69: 0 | O69: 37038.12 | P69: 42,26% | Q69: -
A70: 6.1.2.6 | B70: Contábil | C70: 484000 | D70: 39060 | E70: 41562.59 | F70: 41562.59 | G70: 41246.2 | H70: 163431.38 | I70: 40857.85 | J70: 41562.59 | K70: 41562.59 | L70: 41562.59 | M70: =SUM(I70:L70) -> 165545.62 | N70: 0 | O70: 328977 | P70: 67,97% | Q70: -
A71: 6.1.2.7 | B71: Auditoria | C71: 105946 | D71: 15436.05 | E71: 1744.86 | F71: 1782.39 | G71: 0 | H71: 18963.3 | I71: 4740.83 | J71: 4500 | K71: 0 | L71: -4500 | M71: =SUM(I71:L71) -> 4740.83 | N71: 0 | O71: 23704.13 | P71: 22,37% | Q71: -
A72: 6.1.2.8 | B72: Desenvolvimento Organizacional | C72: 492012 | D72: 35755.4 | E72: 35755.4 | F72: 36175.4 | G72: 36175.4 | H72: 143861.6 | I72: 35965.4 | J72: 20373.07 | K72: 52400.8 | L72: 39900 | M72: =SUM(I72:L72) -> 148639.27 | N72: 0 | O72: 292500.87 | P72: 59,45% | Q72: -
A73: 6.1.3 | B73: Custos Administrativos e Institucionais | C73: 4717212 | D73: 251875.12 | E73: 448473.42 | F73: 294931.05 | G73: 274581.7 | H73: 1269861.3 | I73: 270214.16 | J73: 247444.46 | K73: 287076.14 | L73: 259490.04 | M73: 1064224.8 | N73: 0 | O73: 2334086.1 | P73: 49,48% | Q73: -
A74: 6.1.3.1 | B74: Locação de imóveis | C74: 60000 | D74: 4000 | E74: 0 | F74: 0 | G74: 8000 | H74: 12000 | I74: 8000 | J74: 4000 | K74: 8000 | L74: 4000 | M74: 24000 | N74: 0 | O74: 36000 | P74: 60% | Q74: -
A75: 6.1.3.2 | B75: Utilidades públicas | C75: 1575414 | D75: 82729.41 | E75: 101236.56 | F75: 119799.04 | G75: 115553.35 | H75: 419318.36 | I75: 104829.59 | J75: 98546.65 | K75: 135750.2 | L75: 90906.73 | M75: 430033.17 | N75: 0 | O75: 849351.53 | P75: 53,91% | Q75: -
A76: 6.1.3.2.1 | B76: Água | C76: 421685 | D76: 11903.39 | E76: 22046.14 | F76: 29260.72 | G76: 37160.44 | H76: 100370.69 | I76: 25092.67 | J76: 30439.72 | K76: 33608.02 | L76: 26078.34 | M76: 115218.75 | N76: 0 | O76: 215589.44 | P76: 51,13% | Q76: -
A77: 6.1.3.2.2 | B77: Energia elétrica | C77: 725866 | D77: 44038.97 | E77: 53869.15 | F77: 65124.77 | G77: 54329.97 | H77: 217362.86 | I77: 54340.72 | J77: 41237.5 | K77: 70576.16 | L77: 42013.23 | M77: 208167.61 | N77: 0 | O77: 425530.47 | P77: 58,62% | Q77: -
A78: 6.1.3.2.3 | B78: Gás | C78: 0 | D78: 0 | E78: 0 | F78: 0 | G78: 0 | H78: 0 | I78: 0 | J78: 0 | K78: 0 | L78: 0 | M78: 0 | N78: 0 | O78: 0 | P78: 0% | Q78: -
A79: 6.1.3.2.4 | B79: Internet | C79: 239363 | D79: 18707.73 | E79: 17121.22 | F79: 20938.17 | G79: 18104.05 | H79: 74871.17 | I79: 18717.79 | J79: 17604.91 | K79: 13760.57 | L79: 13998.7 | M79: 64081.97 | N79: 0 | O79: 138953.14 | P79: 58,05% | Q79: -
A80: 6.1.3.2.5 | B80: Telefonia | C80: 188500 | D80: 8079.32 | E80: 8200.05 | F80: 4475.38 | G80: 5958.89 | H80: 26713.64 | I80: 6678.41 | J80: 9264.52 | K80: 17805.45 | L80: 8816.46 | M80: 42564.84 | N80: 0 | O80: 69278.48 | P80: 36,75% | Q80: -
A81: 6.1.3.2.6 | B81: Outros (descrever) | C81: 0 | D81: 0 | E81: 0 | F81: 0 | G81: 0 | H81: 0 | I81: 0 | J81: 0 | K81: 0 | L81: 0 | M81: 0 | N81: 0 | O81: 0 | P81: 0% | Q81: -
A82: 6.1.3.3 | B82: Uniformes e EPIs | C82: 185168 | D82: 14805 | E82: 0 | F82: 0 | G82: 598 | H82: 15403 | I82: 0 | J82: 9454.96 | K82: 0 | L82: 885.6 | M82: 10340.56 | N82: 0 | O82: 25743.56 | P82: 13,9% | Q82: -
A83: 6.1.3.4 | B83: Viagens e Estadias | C83: 80869 | D83: 1176.8 | E83: 3249.28 | F83: 13503.62 | G83: 2885 | H83: 20814.7 | I83: 5203.68 | J83: 0 | K83: 8557.34 | L83: 10345.07 | M83: 24106.09 | N83: 0 | O83: 44920.79 | P83: 55,55% | Q83: -
A84: 6.1.3.5 | B84: Material de consumo, escritório e limpeza | C84: 709876 | D84: 4968.73 | E84: 54825.49 | F84: 41352 | G84: 10623.24 | H84: 111769.46 | I84: 27942.37 | J84: 31226.86 | K84: 9452.99 | L84: 39183.12 | M84: 107805.34 | N84: 0 | O84: 219574.8 | P84: 30,93% | Q84: -
... A135: 7 | B135: Superavit/Deficit do exercício | C135: 0 | D135: 0 | E135: 0 | F135: 0 | G135: 0 | H135: 0 | I135: -31657.52 | J135: -626011.94 | K135: -594235.39 | L135: 4500 | M135: -1247404.9 | N135: 0 | O135: -1247404.9 | P135: 0% | Q135: -
B137: Investimentos/Imobilizado
A138: Nível | B138: Nome | C138: Orçamento Anual | D138: Janeiro | E138: Fevereiro | F138: Março | G138: Abril | H138: 1º Quadrimestre | I138: Maio | J138: Junho | K138: Julho | L138: Agosto | M138: 2º Quadrimestre | N138: 3º Quadrimestre | O138: Realizado Anual | P138: Realizado x Previsto | Q138: Observações
B139: subGrupo: Investimentos/Imobilizado
A140: 8 | B140: Investimentos com recursos vinculados ao Contrato de Gestão | C140: 0 | D140: 8214 | E140: 0 | F140: 26663.17 | G140: 6819.93 | H140: 41697.1 | I140: 0 | J140: 23951.96 | K140: 0 | L140: 0 | M140: 23951.96 | N140: 0 | O140: 65649.06 | P140: 0% | Q140: -
A141: 8.1 | B141: Equipamentos de informática | C141: 0 | D141: 8214 | E141: 0 | F141: 20892 | G141: 6819.93 | H141: 35925.93 | I141: 0 | J141: 23951.96 | K141: 0 | L141: 0 | M141: 23951.96 | N141: 0 | O141: 59877.89 | P141: 0% | Q141: -
A142: 8.2 | B142: Móveis e utensílios | C142: 0 | D142: 0 | E142: 0 | F142: 5771.17 | G142: 0 | H142: 5771.17 | I142: 0 | J142: 0 | K142: 0 | L142: 0 | M142: 0 | N142: 0 | O142: 5771.17 | P142: 0% | Q142: -
A143: 8.3 | B143: Máquinas e equipamentos | C143: 0 | D143: 0 | E143: 0 | F143: 0 | G143: 0 | H143: 0 | I143: 0 | J143: 0 | K143: 0 | L143: 0 | M143: 0 | N143: 0 | O143: 0 | P143: 0% | Q143: -
A144: 8.4 | B144: Software | C144: 0 | D144: 0 | E144: 0 | F144: 0 | G144: 0 | H144: 0 | I144: 0 | J144: 0 | K144: 0 | L144: 0 | M144: 0 | N144: 0 | O144: 0 | P144: 0% | Q144: -
A145: 8.5 | B145: Instrumentos Ateliê | C145: 0 | D145: 0 | E145: 0 | F145: 0 | G145: 0 | H145: 0 | I145: 0 | J145: 0 | K145: 0 | L145: 0 | M145: 0 | N145: 0 | O145: 0 | P145: 0% | Q145: -
A146: 8.6 | B146: Aquisição de acervo | C146: 0 | D146: 0 | E146: 0 | F146: 0 | G146: 0 | H146: 0 | I146: 0 | J146: 0 | K146: 0 | L146: 0 | M146: 0 | N146: 0 | O146: 0 | P146: 0% | Q146: -
A147: 8.7 | B147: Equipamentos de Audio e Video | C147: 0 | D147: 0 | E147: 0 | F147: 0 | G147: 0 | H147: 0 | I147: 0 | J147: 0 | K147: 0 | L147: 0 | M147: 0 | N147: 0 | O147: 0 | P147: 0% | Q147: -
A148: 8.8 | B148: Investimentos Cine Sustentável | C148: 0 | D148: 0 | E148: 0 | F148: 0 | G148: 0 | H148: 0 | I148: 0 | J148: 0 | K148: 0 | L148: 0 | M148: 0 | N148: 0 | O148: 0 | P148: 0% | Q148: -
A149: 9 | B149: Recursos públicos específicos para investimentos no Contrato de Gestão | C149: 0 | D149: 0 | E149: 0 | F149: 0 | G149: 0 | H149: 0 | I149: 0 | J149: 0 | K149: 0 | L149: 0 | M149: 0 | N149: 0 | O149: 0 | P149: 0% | Q149: -
A150: 9.1 | B150: Benfeitorias Lona Heliópolis (Infraestrutura, mastro, lona,arquibancada, instalações elétricas, hidráulicas, venti lação e decombate a incêndio) | C150: 0 | D150: 0 | E150: 0 | F150: 0 | G150: 0 | H150: 0 | I150: 0 | J150: 0 | K150: 0 | L150: 0 | M150: 0 | N150: 0 | O150: 0 | P150: 0% | Q150: -
A151: 9.2 | B151: Gerador250 CV | C151: 0 | D151: 0 | E151: 0 | F151: 0 | G151: 0 | H151: 0 | I151: 0 | J151: 0 | K151: 0 | L151: 0 | M151: 0 | N151: 0 | O151: 0 | P151: 0% | Q151: -
... A164: 10.7 | B164: Outros investimentos/imobilizado (especificar) | C164: 0 | D164: 0 | E164: 0 | F164: 0 | G164: 0 | H164: 0 | I164: 0 | J164: 0 | K164: 0 | L164: 0 | M164: 0 | N164: 0 | O164: 0 | P164: 0% | Q164: -
B166: Projetos A Executar e Saldos De Recursos Vinculados Ao Contrato de Gestão
A167: Nível | B167: Nome | C167: Orçamento Anual | D167: Janeiro | E167: Fevereiro | F167: Março | G167: Abril | H167: 1º Quadrimestre | I167: Maio | J167: Junho | K167: Julho | L167: Agosto | M167: 2º Quadrimestre | N167: 3º Quadrimestre | O167: Realizado Anual | P167: Realizado x Previsto | Q167: Observações
B168: subGrupo: Projetos A Executar e Saldos De Recursos Vinculados Ao Contrato de Gestão
A169: 11 | B169: Saldo Projetos a Executar (contábil) | C169: 0 | D169: 3807313.6 | E169: 3807313.6 | F169: 3807313.6 | G169: 3807313.6 | H169: 3807313.6 | I169: 3807313.6 | J169: 3807313.6 | K169: 3807313.6 | L169: 0 | M169: 3807313.6 | N169: 0 | O169: 3807313.6 | P169: 0% | Q169: -
A170: 11.1 | B170: Repasse | C170: 0 | D170: 0 | E170: 0 | F170: 0 | G170: 0 | H170: 0 | I170: 0 | J170: 0 | K170: 0 | L170: 0 | M170: 0 | N170: 0 | O170: 0 | P170: 0% | Q170: -
A171: 11.2 | B171: Reserva | C171: 0 | D171: 0 | E171: 0 | F171: 0 | G171: 0 | H171: 0 | I171: 0 | J171: 0 | K171: 0 | L171: 0 | M171: 0 | N171: 0 | O171: 0 | P171: 0% | Q171: -
A172: 11.3 | B172: Contingência | C172: 0 | D172: 3807313.6 | E172: 3807313.6 | F172: 3807313.6 | G172: 3807313.6 | H172: 3807313.6 | I172: 3807313.6 | J172: 3807313.6 | K172: 3807313.6 | L172: 0 | M172: 3807313.6 | N172: 0 | O172: 3807313.6 | P172: 0% | Q172: -
A173: 11.4 | B173: Outros Saldos (especificar) | C173: 0 | D173: 0 | E173: 0 | F173: 0 | G173: 0 | H173: 0 | I173: 0 | J173: 0 | K173: 0 | L173: 0 | M173: 0 | N173: 0 | O173: 0 | P173: 0% | Q173: -
A174: 12 | B174: Recursos incentivados - saldo a ser executado | C174: 0 | D174: 0 | E174: 0 | F174: 0 | G174: 0 | H174: 0 | I174: 0 | J174: 0 | K174: 0 | L174: 0 | M174: 0 | N174: 0 | O174: 0 | P174: 0% | Q174: -
A175: 12.1 | B175: Recursos captados | C175: 0 | D175: 0 | E175: 0 | F175: 0 | G175: 0 | H175: 0 | I175: 0 | J175: 0 | K175: 0 | L175: 0 | M175: 0 | N175: 0 | O175: 0 | P175: 0% | Q175: -
A176: 12.2 | B176: Receita apropriada do recurso captado | C176: 0 | D176: 0 | E176: 0 | F176: 0 | G176: 0 | H176: 0 | I176: 0 | J176: 0 | K176: 0 | L176: 0 | M176: 0 | N176: 0 | O176: 0 | P176: 0% | Q176: -
A177: 12.3 | B177: Despesa realizada do recurso captado | C177: 0 | D177: 0 | E177: 0 | F177: 0 | G177: 0 | H177: 0 | I177: 0 | J177: 0 | K177: 0 | L177: 0 | M177: 0 | N177: 0 | O177: 0 | P177: 0% | Q177: -
A178: 13 | B178: Outras informações (saldos bancários) | C178: 0 | D178: 7708799.7 | E178: 8789807.9 | F178: 9239041.3 | G178: 9694840.7 | H178: 9694840.7 | I178: 10466399 | J178: 10760759 | K178: 10937229 | L178: 0 | M178: 10937229 | N178: 0 | O178: 10937229 | P178: 0% | Q178: -
...

Sheet bal fábricas maio
A1: INSTITUTO - POIESIS
A2: CNPJ : 00.894.851/0001-25
A3: Balancete de Verificação de 01/01/2026 a 30/04/2026
A4: Objeto Contratual: FÁBRICAS DE CULTURA SETOR B
A6: Conta | B6: Descrição | C6: Saldo anterior | D6: Débito | E6: Crédito | F6: Saldo
A7: 1 | B7: ATIVO | C7: 23084266 | D7: 53617617 | E7: 53380763 | F7: 23321120 | H7: =C7-F7 -> -236854.37 | I7: =+H7-H8-H65+6108.95 -> 569387.13
A8: 1.1 | B8: ATIVO CIRCULANTE | C8: 11100017 | D8: 53617617 | E8: 52755783 | F8: 11961851 | H8: =C8-F8 -> -861833.93
A9: 1.1.01 | B9: CAIXA E EQUIVALENTE DE CAIXA | C9: 9730940.6 | D9: 53340465 | E9: 52568907 | F9: 10502499
A10: 1.1.01.01 | B10: CAIXA | C10: 36099.93 | D10: 0 | E10: 0 | F10: 36099.93 | H10: -6108.95
A11: 1.1.01.01.001 | B11: FUNDO FIXO - CASA DAS ROSAS | C11: 0 | D11: 0 | E11: 0 | F11: 0
A12: 1.1.01.01.002 | B12: FUNDO FIXO - CASA GUILHERME DE ALMEIDA | C12: 0 | D12: 0 | E12: 0 | F12: 0
A13: 1.1.01.01.003 | B13: FUNDO FIXO - CASA MÁRIO DE ANDRADE | C13: 0 | D13: 0 | E13: 0 | F13: 0
A14: 1.1.01.01.004 | B14: FUNDO FIXO - FC JARDIM SÃO LUIZ | C14: 3000 | D14: 0 | E14: 0 | F14: 3000
A15: 1.1.01.01.005 | B15: FUNDO FIXO - FC VL NOVA CACHOEIRINHA | C15: 5999.99 | D15: 0 | E15: 0 | F15: 5999.99
A16: 1.1.01.01.007 | B16: FUNDO FIXO - FC JARDIM CAPÃO REDONDO | C16: 3676.9 | D16: 0 | E16: 0 | F16: 3676.9
A17: 1.1.01.01.008 | B17: FUNDO FIXO - FC BRASILÂNDIA | C17: 3000 | D17: 0 | E17: 0 | F17: 3000
A18: 1.1.01.01.009 | B18: FUNDO FIXO - FC JAÇANÃ | C18: 3000 | D18: 0 | E18: 0 | F18: 3000
A19: 1.1.01.01.010 | B19: FUNDO FIXO - FC - DIADEMA | C19: 3000 | D19: 0 | E19: 0 | F19: 3000
A20: 1.1.01.01.011 | B20: FUNDO FIXO - FC - IGUAPE | C20: 4138.8 | D20: 0 | E20: 0 | F20: 4138.8
A21: 1.1.01.01.012 | B21: FUNDO FIXO - FC - OSASCO | C21: 3000 | D21: 0 | E21: 0 | F21: 3000
A22: 1.1.01.01.014 | B22: FUNDO FIXO - FC NUCLEO TAIPAS | C22: 3000 | D22: 0 | E22: 0 | F22: 3000
... A25: 1.1.01.02 | B25: BANCOS CONTA MOVIMENTO | C25: 0 | D25: 30536119 | E25: 30536119 | F25: 0
A26: 1.1.01.02.002 | B26: BANCO DO BRASIL 60010-5 - R. DE REPASSE | C26: 0 | D26: 30269080 | E26: 30269080 | F26: 0 | L26: 19467876
A27: 1.1.01.02.004 | B27: BANCO DO BRASIL 60030-X - R. DE CONTING. | C27: 0 | D27: 267039.08 | E27: 267039.08 | F27: 0 | L27: -518333.97
A28: 1.1.01.02.006 | B28: BANCO DO BRASIL-11540-1 - R. DE REPASSE | C28: 0 | D28: 0 | E28: 0 | F28: 0
A29: 1.1.01.02.008 | B29: BANCO DO BRASIL-11542-8 - R. DE CONTING. | C29: 0 | D29: 0 | E29: 0 | F29: 0
A30: 1.1.01.02.009 | B30: BANCO DO BRASIL-11544-4 - R. DE CAPTAÇÃO | C30: 0 | D30: 0 | E30: 0 | F30: 0
A31: 1.1.01.02.013 | B31: BANCO DO BRASIL-13279-9 - PROJETO FLUXO SP | C31: 0 | D31: 0 | E31: 0 | F31: 0
A32: 1.1.01.02.014 | B32: BANCO DO BRASIL-13280-2 - PROJETO FLUXO SP | C32: 0 | D32: 0 | E32: 0 | F32: 0
A33: 1.1.01.03 | B33: APLICAÇÕES FINANCEIRAS | C33: 9694840.7 | D33: 22804346 | E33: 22032788 | F33: 10466399 | L33: 231751.27
A34: 1.1.01.03.001 | B34: BANCO DO BRASIL - 106615-3 - POIESIS | C34: 0 | D34: 0 | E34: 0 | F34: 0
A35: 1.1.01.03.002 | B35: BANCO DO BRASIL 60010-5 - APLIC - R. DE REPASSE | C35: 4741024 | D35: 22318352 | E35: 21663941 | F35: 5395435.3 | H35: 5395435.3 | I35: 0 | L35: -17138601
A36: 1.1.01.03.004 | B36: BANCO DO BRASIL 60030-X - R. DE CONTING. | C36: 4953816.8 | D36: 485994.43 | E36: 368847.72 | F36: 5070963.5 | H36: 5070963.5 | I36: 0 | L36: -368754.62
A37: 1.1.01.03.006 | B37: BANCO DO BRASIL-11540-1 - R. DE REPASSE | C37: 0 | D37: 0 | E37: 0 | F37: 0
A38: 1.1.01.03.007 | B38: BANCO DO BRASIL-11541-X - R. DE RESERVA | C38: 0 | D38: 0 | E38: 0 | F38: 0
A39: 1.1.01.03.008 | B39: BANCO DO BRASIL-11542-8 - R. DE CONTING. | C39: 0 | D39: 0 | E39: 0 | F39: 0
A40: 1.1.01.03.009 | B40: BANCO DO BRASIL-11544-4 - R. DE CAPTAÇÃO | C40: 0 | D40: 0 | E40: 0 | F40: 0
A41: 1.1.02 | B41: REALIZAVEIS A CURTO PRAZO | C41: 1369076 | D41: 277152.35 | E41: 186876.46 | F41: 1459351.9
A42: 1.1.02.01 | B42: CONTAS A RECEBER | C42: 0 | D42: 0 | E42: 0 | F42: 0
A43: 1.1.02.01.001 | B43: CONTAS A RECEBER | C43: 0 | D43: 0 | E43: 0 | F43: 0
A44: 1.1.02.01.002 | B44: ALUGUEIS A RECEBER | C44: 0 | D44: 0 | E44: 0 | F44: 0
A45: 1.1.02.01.010 | B45: VALORES A IDENTIFICAR | C45: 0 | D45: 0 | E45: 0 | F45: 0
A46: 1.1.02.02 | B46: ADIANTAMENTOS | C46: 1303557.1 | D46: 277152.35 | E46: 182717.83 | F46: 1397991.6
A47: 1.1.02.02.001 | B47: ADIANTAMENTO DE FERIAS | C47: 66876.67 | D47: 61948.65 | E47: 67392.53 | F47: 61432.79
A48: 1.1.02.02.002 | B48: ADIANTAMENTO A FORNECEDORES | C48: 1152676 | D48: 70161.31 | E48: 12097.22 | F48: 1210740.1
... A64: 1.2.01.01 | B64: CREDITOS A LONGO PRAZO | C64: 61701.38 | D64: 0 | E64: 0 | F64: 61701.38
A65: 1.2.01.01.001 | B65: DEPOSITOS JUDICIAIS | C65: 61701.38 | D65: 0 | E65: 0 | F65: 61701.38 | H65: =+F65 -> 61701.38
A66: 1.2.02 | B66: IMOBILIZADO | C66: 11872981 | D66: 0 | E66: 620180.88 | F66: 11252800
A67: 1.2.02.01 | B67: IMOBILIZADO | C67: 27148783 | D67: 0 | E67: 0 | F67: 27148783
A68: 1.2.02.01.001 | B68: MÓVEIS E UTENSÍLIOS | C68: 2807819.1 | D68: 0 | E68: 0 | F68: 2807819.1
A69: 1.2.02.01.002 | B69: INSTALAÇÕES | C69: 1226239.2 | D69: 0 | E69: 0 | F69: 1226239.2
A70: 1.2.02.01.003 | B70: EQUIPAMENTOS DE INFORMÁTICA | C70: 5067253.5 | D70: 0 | E70: 0 | F70: 5067253.5
A71: 1.2.02.01.004 | B71: EQUIPAMENTOS DE TELECOMUNICAÇÕES | C71: 1015598.5 | D71: 0 | E71: 0 | F71: 1015598.5
A72: 1.2.02.01.005 | B72: EQUIPAMENTOS DE SOM/LUZ | C72: 2526149.5 | D72: 0 | E72: 0 | F72: 2526149.5
A73: 1.2.02.01.006 | B73: EQUIPAMENTOS DE AUDIO E VIDEO | C73: 3858278.9 | D73: 0 | E73: 0 | F73: 3858278.9
A74: 1.2.02.01.008 | B74: MÁQUINAS E EQUIPAMENTOS | C74: 241672.7 | D74: 0 | E74: 0 | F74: 241672.7
A75: 1.2.02.01.009 | B75: BENFEITORIAS EM IMOVEIS DE TERCEIROS | C75: 10072871 | D75: 0 | E75: 0 | F75: 10072871
A76: 1.2.02.01.011 | B76: VEÍCULOS | C76: 332900 | D76: 0 | E76: 0 | F76: 332900
A77: 1.2.02.02 | B77: DEPRECIAÇÃO ACUMULADAS | C77: -15637731 | D77: 0 | E77: 599283.88 | F77: -16237015
... A116: 1.2.04.02.001 | B116: AMORTIZÇÃO DE SOFTWARES | C116: -479108.58 | D116: 0 | E116: 0 | F116: -479108.58
A117: 2 | B117: PASSIVO | C117: -23648624 | D117: 16807629 | E117: 16267403 | F117: -23108398 | H117: =C117-F117 -> -540226.68 | I117: =+H117-H118 -> -4635.81
A118: 2.1 | B118: PASSIVO CIRCULANTE | C118: -7018680.1 | D118: 10167573 | E118: 9600736 | F118: -6451843.2 | H118: =C118-F118+31245.98 -> -535590.87 | I118: =+[1]QUADRIMESTRAL!H96 -> 0
A119: 2.1.01 | B119: EXIGIVEIS A CURTO PRAZO | C119: -1630717.6 | D119: 4640344.6 | E119: 3976633.1 | F119: -967006.01
A120: 2.1.01.01 | B120: FORNECEDORES | C120: -1188249.6 | D120: 3449712.3 | E120: 3867327.3 | F120: -1605864.6
A121: 2.1.01.01.001 | B121: FORNECEDORES NACIONAIS | C121: -109193.94 | D121: 1708565.4 | E121: 2017079.8 | F121: -417708.29
A122: 2.1.01.01.002 | B122: FORNECEDORES PRESTADORES DE SERVIÇOS-PJ | C122: -499 | D122: 1740664.8 | E122: 1849343.5 | F122: -109177.65
A123: 2.1.01.01.003 | B123: ESTORNOS DE PAGAMENTOS | C123: 0 | D123: 0 | E123: 0 | F123: 0
A124: 2.1.01.01.004 | B124: FORNECEDORES - PROVISÃO | C124: -1030254.6 | D124: 482 | E124: 904 | F124: -1030676.6
A125: 2.1.01.01.006 | B125: EMPRESTIMOS CONSIGNADO | C125: -9079.2 | D125: 0 | E125: 0 | F125: -9079.2
A126: 2.1.01.01.008 | B126: SEGUROS À PAGAR | C126: -24802.95 | D126: 0 | E126: 0 | F126: -24802.95
A127: 2.1.01.01.009 | B127: ADIANTAMENTO A CLIENTES | C127: -14419.93 | D127: 0 | E127: 0 | F127: -14419.93
A128: 2.1.01.02 | B128: CONTA CORRENTE ENTRE CONTRATOS | C128: -442467.97 | D128: 1190632.4 | E128: 109305.79 | F128: 638858.6
A129: 2.1.01.02.001 | B129: POIESIS - FILIAL 01 | C129: -0.01 | D129: 0 | E129: 0 | F129: -0.01
A130: 2.1.01.02.002 | B130: FÁBRICAS E CULTURA CG 03/2020 | C130: -169.99 | D130: 109305.79 | E130: 0 | F130: 109135.8
A131: 2.1.01.02.003 | B131: MUSEUS - CG 01/2023 | C131: -320622.85 | D131: 320622.85 | E131: 0 | F131: 0 | G131: 1
A132: 2.1.01.02.004 | B132: PRONAC Nº 230555 | C132: -240009.19 | D132: 240009.19 | E132: 0 | F132: 0
A133: 2.1.01.02.005 | B133: PRONAC Nº 247163 | C133: 0 | D133: 0 | E133: 0 | F133: 0
A134: 2.1.01.02.007 | B134: PROJETO FLUXO | C134: -38106 | D134: 38106 | E134: 0 | F134: 0
A135: 2.1.01.02.008 | B135: TRANSFERÊNCIAS ENTRE CONTRATOS | C135: 156440.07 | D135: 482588.53 | E135: 109305.79 | F135: 529722.81 | I135: 0
A136: 2.1.02 | B136: OBRIGAÇÕES TRABALHISTAS E SOCIAIS | C136: -604440.49 | D136: 5046886.4 | E136: 4897309.7 | F136: -454863.86
A137: 2.1.02.01 | B137: OBRIGAÇÕES TRABALHISTAS E SOCIAIS CLT | C137: -598029.82 | D137: 5046886.4 | E137: 4897309.7 | F137: -448453.19
A138: 2.1.02.01.001 | B138: SALÁRIOS A PAGAR | C138: 0 | D138: 3603788.1 | E138: 3603788.1 | F138: 0
A139: 2.1.02.01.002 | B139: PENSÃO ALIMENTÍCIA A PAGAR | C139: -10962.62 | D139: 14082.35 | E139: 15673.21 | F139: -12553.48
A140: 2.1.02.01.003 | B140: RESCISÃO A PAGAR | C140: -3233.56 | D140: 0 | E140: 0 | F140: -3233.56
A141: 2.1.02.01.004 | B141: INSS A RECOLHER | C141: -197880.08 | D141: 876425.5 | E141: 781978.45 | F141: -103433.03
A142: 2.1.02.01.005 | B142: FGTS A RECOLHER | C142: -126650.89 | D142: 318148.09 | E142: 297508.35 | F142: -106011.15
A143: 2.1.02.01.006 | B143: IRRF SOBRE FOLHA A RECOLHER | C143: -238603.26 | D143: 209332.01 | E143: 175340.37 | F143: -204611.62
A144: 2.1.02.01.007 | B144: PIS SOBRE FOLHA A RECOLHER | C144: -4400.67 | D144: 25110.32 | E144: 22436.26 | F144: -1726.61
A145: 2.1.02.01.008 | B145: CONTRIBUIÇÃO SINDICAL A RECOLHER | C145: 0 | D145: 0 | E145: 585 | F145: -585
A146: 2.1.02.01.012 | B146: FÉRIAS A PAGAR | C146: -3.09 | D146: 0 | E146: 0 | F146: -3.09
A147: 2.1.02.01.013 | B147: OUTROS BENEFÍCIOS A RECOLHER | C147: -2443.14 | D147: 0 | E147: 0 | F147: -2443.14
... A176: 2.2.02.01.003 | B176: CONTRATO DE GESTÃO - FD CONTINGÊNCIA | C176: -3807313.6 | D176: 0 | E176: 0 | F176: -3807313.6
A177: 2.2.02.01.004 | B177: OBRIGAÇÔES COM ESTADO-IMOBILIZADO-DEPREC | C177: -11565418 | D177: 608881.24 | E177: 0 | F177: -10956536 | H177: 296263.45
A178: 2.2.03 | B178: OUTRAS CONTAS A PAGAR | C178: -524603.88 | D178: 20897 | E178: 0 | F178: -503706.88
A179: 2.2.03.01 | B179: OUTRAS CONTAS A PAGAR | C179: -162674.78 | D179: 0 | E179: 0 | F179: -162674.78
A180: 2.2.03.01.001 | B180: PROVISÕES TRABALHISTA | C180: -162674.78 | D180: 0 | E180: 0 | F180: -162674.78
A181: 2.2.03.02 | B181: OUTRAS OBRIGACOES | C181: -361929.1 | D181: 20897 | E181: 0 | F181: -341032.1
A182: 2.2.03.02.001 | B182: OUTRAS OBRIGACOES C/ SEC | C182: -361929.1 | D182: 20897 | E182: 0 | F182: -341032.1
A183: 2.3 | B183: PATRIMONIO SOCIAL | C183: 0 | D183: 0 | E183: 0 | F183: 0
A184: 2.3.01 | B184: PATRIMONIO SOCIAL | C184: 0 | D184: 0 | E184: 0 | F184: 0
...

Sheet bal fábricas junho
A1: INSTITUTO - POIESIS
A2: CNPJ : 00.894.851/0001-25
A3: Balancete de Verificação de 01/01/2026 a 30/04/2026
A4: Objeto Contratual: FÁBRICAS DE CULTURA SETOR B
A6: Conta | B6: Descrição | C6: Saldo anterior | D6: Débito | E6: Crédito | F6: Saldo
A7: 1 | B7: ATIVO | C7: 23150343 | D7: 56134810 | E7: 55499016 | F7: 23786137 | H7: =C7-F7 -> -635794.4 | I7: =+H7-H8-H65 -> 624979.56
A8: 1.1 | B8: ATIVO CIRCULANTE | C8: 11791073 | D8: 56110858 | E8: 54850085 | F8: 13051847 | H8: =C8-F8 -> -1260774
A9: 1.1.01 | B9: CAIXA E EQUIVALENTE DE CAIXA | C9: 10331721 | D9: 55162131 | E9: 54696993 | F9: 10796859
A10: 1.1.01.01 | B10: CAIXA | C10: 36099.93 | D10: 0 | E10: 0 | F10: 36099.93
A11: 1.1.01.01.001 | B11: FUNDO FIXO - CASA DAS ROSAS | C11: 0 | D11: 0 | E11: 0 | F11: 0
A12: 1.1.01.01.002 | B12: FUNDO FIXO - CASA GUILHERME DE ALMEIDA | C12: 0 | D12: 0 | E12: 0 | F12: 0
A13: 1.1.01.01.003 | B13: FUNDO FIXO - CASA MÁRIO DE ANDRADE | C13: 0 | D13: 0 | E13: 0 | F13: 0
A14: 1.1.01.01.004 | B14: FUNDO FIXO - FC JARDIM SÃO LUIZ | C14: 3000 | D14: 0 | E14: 0 | F14: 3000
A15: 1.1.01.01.005 | B15: FUNDO FIXO - FC VL NOVA CACHOEIRINHA | C15: 5999.99 | D15: 0 | E15: 0 | F15: 5999.99
A16: 1.1.01.01.007 | B16: FUNDO FIXO - FC JARDIM CAPÃO REDONDO | C16: 3676.9 | D16: 0 | E16: 0 | F16: 3676.9
A17: 1.1.01.01.008 | B17: FUNDO FIXO - FC BRASILÂNDIA | C17: 3000 | D17: 0 | E17: 0 | F17: 3000
A18: 1.1.01.01.009 | B18: FUNDO FIXO - FC JAÇANÃ | C18: 3000 | D18: 0 | E18: 0 | F18: 3000
A19: 1.1.01.01.010 | B19: FUNDO FIXO - FC - DIADEMA | C19: 3000 | D19: 0 | E19: 0 | F19: 3000
A20: 1.1.01.01.011 | B20: FUNDO FIXO - FC - IGUAPE | C20: 4138.8 | D20: 0 | E20: 0 | F20: 4138.8
... A25: 1.1.01.02 | B25: BANCOS CONTA MOVIMENTO | C25: 0 | D25: 32357785 | E25: 32357785 | F25: 0
A26: 1.1.01.02.002 | B26: BANCO DO BRASIL 60010-5 - R. DE REPASSE | C26: 0 | D26: 32090746 | E26: 32090746 | F26: 0 | L26: 6135446.7
A27: 1.1.01.02.004 | B27: BANCO DO BRASIL 60030-X - R. DE CONTING. | C27: 0 | D27: 267039.08 | E27: 267039.08 | F27: 0 | L27: -518333.97
A28: 1.1.01.02.006 | B28: BANCO DO BRASIL-11540-1 - R. DE REPASSE | C28: 0 | D28: 0 | E28: 0 | F28: 0
A29: 1.1.01.02.008 | B29: BANCO DO BRASIL-11542-8 - R. DE CONTING. | C29: 0 | D29: 0 | E29: 0 | F29: 0
A30: 1.1.01.02.009 | B30: BANCO DO BRASIL-11544-4 - R. DE CAPTAÇÃO | C30: 0 | D30: 0 | E30: 0 | F30: 0
A31: 1.1.01.02.013 | B31: BANCO DO BRASIL-13279-9 - PROJETO FLUXO SP | C31: 0 | D31: 0 | E31: 0 | F31: 0
A32: 1.1.01.02.014 | B32: BANCO DO BRASIL-13280-2 - PROJETO FLUXO SP | C32: 0 | D32: 0 | E32: 0 | F32: 0
A33: 1.1.01.03 | B33: APLICAÇÕES FINANCEIRAS | C33: 10295621 | D33: 22804346 | E33: 22339209 | F33: 10760759 | L33: 231751.27
A34: 1.1.01.03.001 | B34: BANCO DO BRASIL - 106615-3 - POIESIS | C34: 0 | D34: 0 | E34: 0 | F34: 0
A35: 1.1.01.03.002 | B35: BANCO DO BRASIL 60010-5 - APLIC - R. DE REPASSE | C35: 5341897.7 | D35: 22318352 | E35: 22024398 | F35: 5635851.6 | H35: 5635851.6 | I35: 0 | L35: 15543905
A36: 1.1.01.03.004 | B36: BANCO DO BRASIL 60030-X - R. DE CONTING. | C36: 4953723.7 | D36: 485994.43 | E36: 314810.69 | F36: 5124907.4 | H36: 5124907.4 | I36: 0 | L36: 314717.59
A37: 1.1.01.03.006 | B37: BANCO DO BRASIL-11540-1 - R. DE REPASSE | C37: 0 | D37: 0 | E37: 0 | F37: 0
A38: 1.1.01.03.007 | B38: BANCO DO BRASIL-11541-X - R. DE RESERVA | C38: 0 | D38: 0 | E38: 0 | F38: 0
A39: 1.1.01.03.008 | B39: BANCO DO BRASIL-11542-8 - R. DE CONTING. | C39: 0 | D39: 0 | E39: 0 | F39: 0
A40: 1.1.01.03.009 | B40: BANCO DO BRASIL-11544-4 - R. DE CAPTAÇÃO | C40: 0 | D40: 0 | E40: 0 | F40: 0
A41: 1.1.02 | B41: REALIZAVEIS A CURTO PRAZO | C41: 1459351.9 | D41: 948727.46 | E41: 153091.18 | F41: 2254988.1
A42: 1.1.02.01 | B42: CONTAS A RECEBER | C42: 0 | D42: 2656.98 | E42: 0 | F42: 2656.98
A43: 1.1.02.01.001 | B43: CONTAS A RECEBER | C43: 0 | D43: 0 | E43: 0 | F43: 0
A44: 1.1.02.01.002 | B44: ALUGUEIS A RECEBER | C44: 0 | D44: 0 | E44: 0 | F44: 0
A45: 1.1.02.01.010 | B45: VALORES A IDENTIFICAR | C45: 0 | D45: 2656.98 | E45: 0 | F45: 2656.98
A46: 1.1.02.02 | B46: ADIANTAMENTOS | C46: 1397991.6 | D46: 946070.48 | E46: 148932.55 | F46: 2195129.5
A47: 1.1.02.02.001 | B47: ADIANTAMENTO DE FERIAS | C47: 61432.79 | D47: 509826.73 | E47: 85530.22 | F47: 485729.3
A48: 1.1.02.02.002 | B48: ADIANTAMENTO A FORNECEDORES | C48: 1210740.1 | D48: 341338.63 | E48: 3037.21 | F48: 1549041.5
... A116: 1.2.04.02.001 | B116: AMORTIZÇÃO DE SOFTWARES | C116: -479108.58 | D116: 0 | E116: 0 | F116: -479108.58
A117: 2 | B117: PASSIVO | C117: -24189724 | D117: 16170229 | E117: 15572470 | F117: -23591966 | H117: =C117-F117 -> -597758.33 | I117: =+H117-H118 -> -569446.27
A118: 2.1 | B118: PASSIVO CIRCULANTE | C118: -7533169.8 | D118: 9028893.6 | E118: 8905803.6 | F118: -7410079.9 | H118: =C118-F118+94777.86 -> -28312.06 | I118: =+[1]QUADRIMESTRAL!H96 -> 0
A119: 2.1.01 | B119: EXIGIVEIS A CURTO PRAZO | C119: -2048332.6 | D119: 4685481.7 | E119: 4243112.2 | F119: -1605963.1
A120: 2.1.01.01 | B120: FORNECEDORES | C120: -1605864.6 | D120: 3494849.3 | E120: 4133806.4 | F120: -2244821.7 | H120: 94777.86
A121: 2.1.01.01.001 | B121: FORNECEDORES NACIONAIS | C121: -417708.29 | D121: 1598521.5 | E121: 2077043.3 | F121: -896230.1
A122: 2.1.01.01.002 | B122: FORNECEDORES PRESTADORES DE SERVIÇOS-PJ | C122: -109177.65 | D122: 1895905.8 | E122: 2056135.9 | F122: -269407.66
A123: 2.1.01.01.003 | B123: ESTORNOS DE PAGAMENTOS | C123: 0 | D123: 0 | E123: 0 | F123: 0
A124: 2.1.01.01.004 | B124: FORNECEDORES - PROVISÃO | C124: -1030676.6 | D124: 422 | E124: 627.3 | F124: -1030881.9
A125: 2.1.01.01.006 | B125: EMPRESTIMOS CONSIGNADO | C125: -9079.2 | D125: 0 | E125: 0 | F125: -9079.2
A126: 2.1.01.01.008 | B126: SEGUROS À PAGAR | C126: -24802.95 | D126: 0 | E126: 0 | F126: -24802.95
A127: 2.1.01.01.009 | B127: ADIANTAMENTO A CLIENTES | C127: -14419.93 | D127: 0 | E127: 0 | F127: -14419.93
A128: 2.1.01.02 | B128: CONTA CORRENTE ENTRE CONTRATOS | C128: -442467.97 | D128: 1190632.4 | E128: 109305.79 | F128: 638858.6
A129: 2.1.01.02.001 | B129: POIESIS - FILIAL 01 | C129: -0.01 | D129: 0 | E129: 0 | F129: -0.01
A130: 2.1.01.02.002 | B130: FÁBRICAS E CULTURA CG 03/2020 | C130: -169.99 | D130: 109305.79 | E130: 0 | F130: 109135.8
A131: 2.1.01.02.003 | B131: MUSEUS - CG 01/2023 | C131: -320622.85 | D131: 320622.85 | E131: 0 | F131: 0 | G131: 1
A132: 2.1.01.02.004 | B132: PRONAC Nº 230555 | C132: -240009.19 | D132: 240009.19 | E132: 0 | F132: 0
A133: 2.1.01.02.005 | B133: PRONAC Nº 247163 | C133: 0 | D133: 0 | E133: 0 | F133: 0
A134: 2.1.01.02.007 | B134: PROJETO FLUXO | C134: -38106 | D134: 38106 | E134: 0 | F134: 0
A135: 2.1.01.02.008 | B135: TRANSFERÊNCIAS ENTRE CONTRATOS | C135: 156440.07 | D135: 482588.53 | E135: 109305.79 | F135: 529722.81 | I135: 0
A136: 2.1.02 | B136: OBRIGAÇÕES TRABALHISTAS E SOCIAIS | C136: -454863.86 | D136: 3973926.6 | E136: 3948938.4 | F136: -429875.69
A137: 2.1.02.01 | B137: OBRIGAÇÕES TRABALHISTAS E SOCIAIS CLT | C137: -448453.19 | D137: 3973926.6 | E137: 3948698.4 | F137: -423225.02
A138: 2.1.02.01.001 | B138: SALÁRIOS A PAGAR | C138: 0 | D138: 2583437.6 | E138: 2583437.6 | F138: 0
A139: 2.1.02.01.002 | B139: PENSÃO ALIMENTÍCIA A PAGAR | C139: -12553.48 | D139: 18845.56 | E139: 16880.68 | F139: -10588.6
A140: 2.1.02.01.003 | B140: RESCISÃO A PAGAR | C140: -3233.56 | D140: 0 | E140: 0 | F140: -3233.56
A141: 2.1.02.01.004 | B141: INSS A RECOLHER | C141: -103433.03 | D141: 848576.82 | E141: 821805.71 | F141: -76661.92
A142: 2.1.02.01.005 | B142: FGTS A RECOLHER | C142: -106011.15 | D142: 301251.86 | E142: 299051.87 | F142: -103811.16
A143: 2.1.02.01.006 | B143: IRRF SOBRE FOLHA A RECOLHER | C143: -204611.62 | D143: 197374.34 | E143: 203405.44 | F143: -210642.72
A144: 2.1.02.01.007 | B144: PIS SOBRE FOLHA A RECOLHER | C144: -1726.61 | D144: 24440.39 | E144: 23532.1 | F144: -818.32
A145: 2.1.02.01.008 | B145: CONTRIBUIÇÃO SINDICAL A RECOLHER | C145: -585 | D145: 0 | E145: 585 | F145: -1170
A146: 2.1.02.01.012 | B146: FÉRIAS A PAGAR | C146: -3.09 | D146: 0 | E146: 0 | F146: -3.09
A147: 2.1.02.01.013 | B147: OUTROS BENEFÍCIOS A RECOLHER | C147: -2443.14 | D147: 0 | E147: 0 | F147: -2443.14
... A176: 2.2.02.01.003 | B176: CONTRATO DE GESTÃO - FD CONTINGÊNCIA | C176: -3807313.6 | D176: 0 | E176: 0 | F176: -3807313.6
A177: 2.2.02.01.004 | B177: OBRIGAÇÔES COM ESTADO-IMOBILIZADO-DEPREC | C177: -10956536 | D177: 604082.56 | E177: 0 | F177: -10352454 | H177: 280165.13
A178: 2.2.03 | B178: OUTRAS CONTAS A PAGAR | C178: -503706.88 | D178: 20897 | E178: 0 | F178: -482809.88
A179: 2.2.03.01 | B179: OUTRAS CONTAS A PAGAR | C179: -162674.78 | D179: 0 | E179: 0 | F179: -162674.78
A180: 2.2.03.01.001 | B180: PROVISÕES TRABALHISTA | C180: -162674.78 | D180: 0 | E180: 0 | F180: -162674.78
A181: 2.2.03.02 | B181: OUTRAS OBRIGACOES | C181: -341032.1 | D181: 20897 | E181: 0 | F181: -320135.1
A182: 2.2.03.02.001 | B182: OUTRAS OBRIGACOES C/ SEC | C182: -341032.1 | D182: 20897 | E182: 0 | F182: -320135.1
A183: 2.3 | B183: PATRIMONIO SOCIAL | C183: 0 | D183: 0 | E183: 0 | F183: 0
A184: 2.3.01 | B184: PATRIMONIO SOCIAL | C184: 0 | D184: 0 | E184: 0 | F184: 0
A185: 2.3.01.01 | B185: PATRIMONIO SOCIAL | C185: 0 | D185: 0 | E185: 0 | F185: 0
A186: 2.3.01.01.001 | B186: PATRIMONIO SOCIAL | C186: 0 | D186: 0 | E186: 0 | F186: 0
A187: 2.3.02 | B187: SUPERAVIT/DEFICIT ACUMULADOS | C187: 0 | D187: 0 | E187: 0 | F187: 0
A188: 2.3.02.01 | B188: SUPERAVIT/DEFICIT ACUMULADOS | C188: 0 | D188: 0 | E188: 0 | F188: 0
A189: 2.3.02.01.001 | B189: SUPERAVIT/DEFICIT ACUMULADO | C189: 0 | D189: 0 | E189: 0 | F189: 0
A190: 3 | B190: RECEITAS OPERACIONAIS | C190: -35681005 | D190: 0 | E190: 7141335.1 | F190: -42822340 | H190: -11507.45
A191: 3.1 | B191: RECEITA BRUTA | C191: -35681005 | D191: 0 | E191: 7141335.1 | F191: -42822340
A192: 3.1.01 | B192: APORTES DA OPERAÇAO | C192: -35681005 | D192: 0 | E192: 7141335.1 | F192: -42822340
A193: 3.1.01.01 | B193: RECURSOS PÚBLICOS | C193: -35678845 | D193: 0 | E193: 7141335.1 | F193: -42820180
A194: 3.1.01.01.001 | B194: CONTRATOS DE GESTÃO | C194: -29104103 | D194: 0 | E194: 6516355.5 | F194: -35620459
A195: 3.1.01.01.004 | B195: CONTRATO DE GESTAO - IMOB. DE TERCEIROS | C195: -6574742 | D195: 0 | E195: 624979.56 | F195: -7199721.5
A196: 3.1.01.02 | B196: RECURSOS PRÓPRIOS | C196: -2160.21 | D196: 0 | E196: 0 | F196: -2160.21
A197: 3.1.01.02.003 | B197: ALUGUEIS CONTRATO | C197: 0 | D197: 0 | E197: 0 | F197: 0
A198: 3.1.01.02.005 | B198: DOAÇÕES | C198: -2160.21 | D198: 0 | E198: 0 | F198: -2160.21
A199: 3.1.01.02.007 | B199: PARCERIAS FINANCEIRAS | C199: 0 | D199: 0 | E199: 0 | F199: 0
A200: 3.1.01.02.009 | B200: OUTRAS RECEITAS | C200: 0 | D200: 0 | E200: 0 | F200: 0
...

Sheet bal fábricas julho
A1: INSTITUTO - POIESIS
A2: CNPJ : 00.894.851/0001-25
A3: Balancete de Verificação de 01/01/2026 a 30/04/2026
A4: Objeto Contratual: FÁBRICAS DE CULTURA SETOR B
A6: Conta | B6: Descrição | C6: Saldo anterior | D6: Débito | E6: Crédito | F6: Saldo
A7: 1 | B7: ATIVO | C7: 23499637 | D7: 55045512 | E7: 55042972 | F7: 23502176 | H7: =C7-F7 -> -2539.48 | I7: =+H7-H8-H65+6108.95 -> 618199.94
A8: 1.1 | B8: ATIVO CIRCULANTE | C8: 12765347 | D8: 55045512 | E8: 54430881 | F8: 13379977 | H8: =C8-F8 -> -614630.47
A9: 1.1.01 | B9: CAIXA E EQUIVALENTE DE CAIXA | C9: 10796859 | D9: 54154841 | E9: 53691870 | F9: 10973329
A10: 1.1.01.01 | B10: CAIXA | C10: 36099.93 | D10: 0 | E10: 0 | F10: 36099.93
A11: 1.1.01.01.001 | B11: FUNDO FIXO - CASA DAS ROSAS | C11: 0 | D11: 0 | E11: 0 | F11: 0
A12: 1.1.01.01.002 | B12: FUNDO FIXO - CASA GUILHERME DE ALMEIDA | C12: 0 | D12: 0 | E12: 0 | F12: 0
A13: 1.1.01.01.003 | B13: FUNDO FIXO - CASA MÁRIO DE ANDRADE | C13: 0 | D13: 0 | E13: 0 | F13: 0
A14: 1.1.01.01.004 | B14: FUNDO FIXO - FC JARDIM SÃO LUIZ | C14: 3000 | D14: 0 | E14: 0 | F14: 3000
A15: 1.1.01.01.005 | B15: FUNDO FIXO - FC VL NOVA CACHOEIRINHA | C15: 5999.99 | D15: 0 | E15: 0 | F15: 5999.99
A16: 1.1.01.01.007 | B16: FUNDO FIXO - FC JARDIM CAPÃO REDONDO | C16: 3676.9 | D16: 0 | E16: 0 | F16: 3676.9
A17: 1.1.01.01.008 | B17: FUNDO FIXO - FC BRASILÂNDIA | C17: 3000 | D17: 0 | E17: 0 | F17: 3000
A18: 1.1.01.01.009 | B18: FUNDO FIXO - FC JAÇANÃ | C18: 3000 | D18: 0 | E18: 0 | F18: 3000
A19: 1.1.01.01.010 | B19: FUNDO FIXO - FC - DIADEMA | C19: 3000 | D19: 0 | E19: 0 | F19: 3000
A20: 1.1.01.01.011 | B20: FUNDO FIXO - FC - IGUAPE | C20: 4138.8 | D20: 0 | E20: 0 | F20: 4138.8
... A25: 1.1.01.02 | B25: BANCOS CONTA MOVIMENTO | C25: 0 | D25: 31350495 | E25: 31350495 | F25: 0
A26: 1.1.01.02.002 | B26: BANCO DO BRASIL 60010-5 - R. DE REPASSE | C26: 0 | D26: 31083456 | E26: 31083456 | F26: 0 | L26: 19090217
A27: 1.1.01.02.004 | B27: BANCO DO BRASIL 60030-X - R. DE CONTING. | C27: 0 | D27: 267039.08 | E27: 267039.08 | F27: 0 | L27: -518333.97
A28: 1.1.01.02.006 | B28: BANCO DO BRASIL-11540-1 - R. DE REPASSE | C28: 0 | D28: 0 | E28: 0 | F28: 0
A29: 1.1.01.02.008 | B29: BANCO DO BRASIL-11542-8 - R. DE CONTING. | C29: 0 | D29: 0 | E29: 0 | F29: 0
A30: 1.1.01.02.009 | B30: BANCO DO BRASIL-11544-4 - R. DE CAPTAÇÃO | C30: 0 | D30: 0 | E30: 0 | F30: 0
A31: 1.1.01.02.013 | B31: BANCO DO BRASIL-13279-9 - PROJETO FLUXO SP | C31: 0 | D31: 0 | E31: 0 | F31: 0
A32: 1.1.01.02.014 | B32: BANCO DO BRASIL-13280-2 - PROJETO FLUXO SP | C32: 0 | D32: 0 | E32: 0 | F32: 0
A33: 1.1.01.03 | B33: APLICAÇÕES FINANCEIRAS | C33: 10760759 | D33: 22804346 | E33: 22341376 | F33: 10937229 | L33: 231751.27
A34: 1.1.01.03.001 | B34: BANCO DO BRASIL - 106615-3 - POIESIS | C34: 0 | D34: 0 | E34: 0 | F34: 0
A35: 1.1.01.03.002 | B35: BANCO DO BRASIL 60010-5 - APLIC - R. DE REPASSE | C35: 5635851.6 | D35: 22318352 | E35: 22219195 | F35: 5619784.7 | H35: 5619784.7 | I35: 0 | L35: -16749062
A36: 1.1.01.03.004 | B36: BANCO DO BRASIL 60030-X - R. DE CONTING. | C36: 5124907.4 | D36: 485994.43 | E36: 122180.52 | F36: 5317444.5 | H36: 5317444.5 | I36: 0 | L36: -122087.42
A37: 1.1.01.03.006 | B37: BANCO DO BRASIL-11540-1 - R. DE REPASSE | C37: 0 | D37: 0 | E37: 0 | F37: 0
A38: 1.1.01.03.007 | B38: BANCO DO BRASIL-11541-X - R. DE RESERVA | C38: 0 | D38: 0 | E38: 0 | F38: 0
A39: 1.1.01.03.008 | B39: BANCO DO BRASIL-11542-8 - R. DE CONTING. | C39: 0 | D39: 0 | E39: 0 | F39: 0
A40: 1.1.01.03.009 | B40: BANCO DO BRASIL-11544-4 - R. DE CAPTAÇÃO | C40: 0 | D40: 0 | E40: 0 | F40: 0
A41: 1.1.02 | B41: REALIZAVEIS A CURTO PRAZO | C41: 2254988.1 | D41: 890670.4 | E41: 739010.6 | F41: 2406647.9
A42: 1.1.02.01 | B42: CONTAS A RECEBER | C42: 2656.98 | D42: 0 | E42: 0 | F42: 2656.98
A43: 1.1.02.01.001 | B43: CONTAS A RECEBER | C43: 0 | D43: 0 | E43: 0 | F43: 0
A44: 1.1.02.01.002 | B44: ALUGUEIS A RECEBER | C44: 0 | D44: 0 | E44: 0 | F44: 0
A45: 1.1.02.01.010 | B45: VALORES A IDENTIFICAR | C45: 2656.98 | D45: 0 | E45: 0 | F45: 2656.98
A46: 1.1.02.02 | B46: ADIANTAMENTOS | C46: 2195129.5 | D46: 890670.4 | E46: 734851.97 | F46: 2350948
A47: 1.1.02.02.001 | B47: ADIANTAMENTO DE FERIAS | C47: 485729.3 | D47: 366061.4 | E47: 640080.16 | F47: 211710.54
A48: 1.1.02.02.002 | B48: ADIANTAMENTO A FORNECEDORES | C48: 1549041.5 | D48: 439563.34 | E48: 9931.96 | F48: 1978672.9
... A116: 1.2.04.02.001 | B116: AMORTIZÇÃO DE SOFTWARES | C116: -479108.58 | D116: 0 | E116: 0 | F116: -479108.58
A117: 2 | B117: PASSIVO | C117: -24673292 | D117: 17366391 | E117: 16043247 | F117: -23350148 | H117: =C117-F117 -> -1323144.5 | I117: =+H117-H118 -> 58404.68
A118: 2.1 | B118: PASSIVO CIRCULANTE | C118: -8491406.4 | D118: 10822488 | E118: 9376580.2 | F118: -7045498.8 | H118: =C118-F118+31245.98+7939.45+25172.96 -> -1381549.2 | I118: =+[1]QUADRIMESTRAL!H96 -> 0
A119: 2.1.01 | B119: EXIGIVEIS A CURTO PRAZO | C119: -2687289.7 | D119: 5302215.1 | E119: 4440843.3 | F119: -1825917.8
A120: 2.1.01.01 | B120: FORNECEDORES | C120: -2244821.7 | D120: 4111582.8 | E120: 4331537.5 | F120: -2464776.4
A121: 2.1.01.01.001 | B121: FORNECEDORES NACIONAIS | C121: -896230.1 | D121: 1835797.6 | E121: 2133067 | F121: -1193499.5 | H121: 25172.96
A122: 2.1.01.01.002 | B122: FORNECEDORES PRESTADORES DE SERVIÇOS-PJ | C122: -269407.66 | D122: 2275248.3 | E122: 2198470.5 | F122: -192629.85
A123: 2.1.01.01.003 | B123: ESTORNOS DE PAGAMENTOS | C123: 0 | D123: 0 | E123: 0 | F123: 0
A124: 2.1.01.01.004 | B124: FORNECEDORES - PROVISÃO | C124: -1030881.9 | D124: 536.9 | E124: 0 | F124: -1030345
A125: 2.1.01.01.006 | B125: EMPRESTIMOS CONSIGNADO | C125: -9079.2 | D125: 0 | E125: 0 | F125: -9079.2
A126: 2.1.01.01.008 | B126: SEGUROS À PAGAR | C126: -24802.95 | D126: 0 | E126: 0 | F126: -24802.95
A127: 2.1.01.01.009 | B127: ADIANTAMENTO A CLIENTES | C127: -14419.93 | D127: 0 | E127: 0 | F127: -14419.93
A128: 2.1.01.02 | B128: CONTA CORRENTE ENTRE CONTRATOS | C128: -442467.97 | D128: 1190632.4 | E128: 109305.79 | F128: 638858.6
A129: 2.1.01.02.001 | B129: POIESIS - FILIAL 01 | C129: -0.01 | D129: 0 | E129: 0 | F129: -0.01
A130: 2.1.01.02.002 | B130: FÁBRICAS E CULTURA CG 03/2020 | C130: -169.99 | D130: 109305.79 | E130: 0 | F130: 109135.8
A131: 2.1.01.02.003 | B131: MUSEUS - CG 01/2023 | C131: -320622.85 | D131: 320622.85 | E131: 0 | F131: 0 | G131: 1
A132: 2.1.01.02.004 | B132: PRONAC Nº 230555 | C132: -240009.19 | D132: 240009.19 | E132: 0 | F132: 0
A133: 2.1.01.02.005 | B133: PRONAC Nº 247163 | C133: 0 | D133: 0 | E133: 0 | F133: 0
A134: 2.1.01.02.007 | B134: PROJETO FLUXO | C134: -38106 | D134: 38106 | E134: 0 | F134: 0
A135: 2.1.01.02.008 | B135: TRANSFERÊNCIAS ENTRE CONTRATOS | C135: 156440.07 | D135: 482588.53 | E135: 109305.79 | F135: 529722.81 | I135: 0
A136: 2.1.02 | B136: OBRIGAÇÕES TRABALHISTAS E SOCIAIS | C136: -429875.69 | D136: 4210025.3 | E136: 4173330.4 | F136: -393180.81
A137: 2.1.02.01 | B137: OBRIGAÇÕES TRABALHISTAS E SOCIAIS CLT | C137: -423225.02 | D137: 4210025.3 | E137: 4173330.4 | F137: -386530.14
A138: 2.1.02.01.001 | B138: SALÁRIOS A PAGAR | C138: 0 | D138: 2717847.5 | E138: 2798245.3 | F138: -80397.85
A139: 2.1.02.01.002 | B139: PENSÃO ALIMENTÍCIA A PAGAR | C139: -10588.6 | D139: 9448.78 | E139: 18630.49 | F139: -19770.31
A140: 2.1.02.01.003 | B140: RESCISÃO A PAGAR | C140: -3233.56 | D140: 0 | E140: 0 | F140: -3233.56
A141: 2.1.02.01.004 | B141: INSS A RECOLHER | C141: -76661.92 | D141: 889255.45 | E141: 832824.77 | F141: -20231.24
A142: 2.1.02.01.005 | B142: FGTS A RECOLHER | C142: -103811.16 | D142: 323147.7 | E142: 319604.35 | F142: -100267.81
A143: 2.1.02.01.006 | B143: IRRF SOBRE FOLHA A RECOLHER | C143: -210642.72 | D143: 244889.84 | E143: 179734.35 | F143: -145487.23
A144: 2.1.02.01.007 | B144: PIS SOBRE FOLHA A RECOLHER | C144: -818.32 | D144: 25436.03 | E144: 23931.11 | F144: 686.6
A145: 2.1.02.01.008 | B145: CONTRIBUIÇÃO SINDICAL A RECOLHER | C145: -1170 | D145: 0 | E145: 360 | F145: -1530
A146: 2.1.02.01.012 | B146: FÉRIAS A PAGAR | C146: -3.09 | D146: 0 | E146: 0 | F146: -3.09
A147: 2.1.02.01.013 | B147: OUTROS BENEFÍCIOS A RECOLHER | C147: -2443.14 | D147: 0 | E147: 0 | F147: -2443.14
... A176: 2.2.02.01.003 | B176: CONTRATO DE GESTÃO - FD CONTINGÊNCIA | C176: -3807313.6 | D176: 0 | E176: 0 | F176: -3807313.6
A177: 2.2.02.01.004 | B177: OBRIGAÇÔES COM ESTADO-IMOBILIZADO-DEPREC | C177: -10352454 | D177: 604082.56 | E177: 0 | F177: -9748371.3 | H177: 276955.38
A178: 2.2.03 | B178: OUTRAS CONTAS A PAGAR | C178: -482809.88 | D178: 8008.43 | E178: 0 | F178: -474801.45
A179: 2.2.03.01 | B179: OUTRAS CONTAS A PAGAR | C179: -162674.78 | D179: 0 | E179: 0 | F179: -162674.78
A180: 2.2.03.01.001 | B180: PROVISÕES TRABALHISTA | C180: -162674.78 | D180: 0 | E180: 0 | F180: -162674.78
A181: 2.2.03.02 | B181: OUTRAS OBRIGACOES | C181: -320135.1 | D181: 8008.43 | E181: 0 | F181: -312126.67
A182: 2.2.03.02.001 | B182: OUTRAS OBRIGACOES C/ SEC | C182: -320135.1 | D182: 8008.43 | E182: 0 | F182: -312126.67
A183: 2.3 | B183: PATRIMONIO SOCIAL | C183: 0 | D183: 0 | E183: 0 | F183: 0
A184: 2.3.01 | B184: PATRIMONIO SOCIAL | C184: 0 | D184: 0 | E184: 0 | F184: 0
A185: 2.3.01.01 | B185: PATRIMONIO SOCIAL | C185: 0 | D185: 0 | E185: 0 | F185: 0
A186: 2.3.01.01.001 | B186: PATRIMONIO SOCIAL | C186: 0 | D186: 0 | E186: 0 | F186: 0
A187: 2.3.02 | B187: SUPERAVIT/DEFICIT ACUMULADOS | C187: 0 | D187: 0 | E187: 0 | F187: 0
A188: 2.3.02.01 | B188: SUPERAVIT/DEFICIT ACUMULADOS | C188: 0 | D188: 0 | E188: 0 | F188: 0
A189: 2.3.02.01.001 | B189: SUPERAVIT/DEFICIT ACUMULADO | C189: 0 | D189: 0 | E189: 0 | F189: 0
A190: 3 | B190: RECEITAS OPERACIONAIS | C190: -42822340 | D190: 0 | E190: 6543903.6 | F190: -49366244 | H190: -19249.51
A191: 3.1 | B191: RECEITA BRUTA | C191: -42822340 | D191: 0 | E191: 6543903.6 | F191: -49366244
A192: 3.1.01 | B192: APORTES DA OPERAÇAO | C192: -42822340 | D192: 0 | E192: 6543903.6 | F192: -49366244
A193: 3.1.01.01 | B193: RECURSOS PÚBLICOS | C193: -42820180 | D193: 0 | E193: 6543903.6 | F193: -49364084
A194: 3.1.01.01.001 | B194: CONTRATOS DE GESTÃO | C194: -35620459 | D194: 0 | E194: 5931812.6 | F194: -41552271
A195: 3.1.01.01.004 | B195: CONTRATO DE GESTAO - IMOB. DE TERCEIROS | C195: -7199721.5 | D195: 0 | E195: 612090.99 | F195: -7811812.5
A196: 3.1.01.02 | B196: RECURSOS PRÓPRIOS | C196: -2160.21 | D196: 0 | E196: 0 | F196: -2160.21
A197: 3.1.01.02.003 | B197: ALUGUEIS CONTRATO | C197: 0 | D197: 0 | E197: 0 | F197: 0
A198: 3.1.01.02.005 | B198: DOAÇÕES | C198: -2160.21 | D198: 0 | E198: 0 | F198: -2160.21
A199: 3.1.01.02.007 | B199: PARCERIAS FINANCEIRAS | C199: 0 | D199: 0 | E199: 0 | F199: 0
A200: 3.1.01.02.009 | B200: OUTRAS RECEITAS | C200: 0 | D200: 0 | E200: 0 | F200: 0
...

Sheet bal fábricas agosto
A1: INSTITUTO - POIESIS
A2: CNPJ : 00.894.851/0001-25
A3: Balancete de Verificação de 01/01/2026 a 30/04/2026
A4: Objeto Contratual: FÁBRICAS DE CULTURA SETOR B
A6: Conta | B6: Descrição | C6: Saldo anterior | D6: Débito | E6: Crédito | F6: Saldo
A7: 1 | B7: ATIVO | C7: 22953756 | D7: 53632207 | E7: 53400408 | F7: 23877288 | H7: =C7-F7 -> -923532.56 | I7: =+H7-H8-H65+6108.95 -> 618196.61
A8: 1.1 | B8: ATIVO CIRCULANTE | C8: 12831556 | D8: 53632207 | E8: 52788321 | F8: 14367177 | H8: =C8-F8 -> -1535620.2
A9: 1.1.01 | B9: CAIXA E EQUIVALENTE DE CAIXA | C9: 10424908 | D9: 53068594 | E9: 52520174 | F9: 11665063
A10: 1.1.01.01 | B10: CAIXA | C10: 36099.93 | D10: 0 | E10: 0 | F10: 36099.93
A11: 1.1.01.01.001 | B11: FUNDO FIXO - CASA DAS ROSAS | C11: 0 | D11: 0 | E11: 0 | F11: 0
A12: 1.1.01.01.002 | B12: FUNDO FIXO - CASA GUILHERME DE ALMEIDA | C12: 0 | D12: 0 | E12: 0 | F12: 0
A13: 1.1.01.01.003 | B13: FUNDO FIXO - CASA MÁRIO DE ANDRADE | C13: 0 | D13: 0 | E13: 0 | F13: 0
A14: 1.1.01.01.004 | B14: FUNDO FIXO - FC JARDIM SÃO LUIZ | C14: 3000 | D14: 0 | E14: 0 | F14: 3000
A15: 1.1.01.01.005 | B15: FUNDO FIXO - FC VL NOVA CACHOEIRINHA | C15: 5999.99 | D15: 0 | E15: 0 | F15: 5999.99
A16: 1.1.01.01.007 | B16: FUNDO FIXO - FC JARDIM CAPÃO REDONDO | C16: 3676.9 | D16: 0 | E16: 0 | F16: 3676.9
A17: 1.1.01.01.008 | B17: FUNDO FIXO - FC BRASILÂNDIA | C17: 3000 | D17: 0 | E17: 0 | F17: 3000
A18: 1.1.01.01.009 | B18: FUNDO FIXO - FC JAÇANÃ | C18: 3000 | D18: 0 | E18: 0 | F18: 3000
A19: 1.1.01.01.010 | B19: FUNDO FIXO - FC - DIADEMA | C19: 3000 | D19: 0 | E19: 0 | F19: 3000
A20: 1.1.01.01.011 | B20: FUNDO FIXO - FC - IGUAPE | C20: 4138.8 | D20: 0 | E20: 0 | F20: 4138.8
... A25: 1.1.01.02 | B25: BANCOS CONTA MOVIMENTO | C25: 0 | D25: 30264248 | E25: 30264248 | F25: 0
A26: 1.1.01.02.002 | B26: BANCO DO BRASIL 60010-5 - R. DE REPASSE | C26: 0 | D26: 29997209 | E26: 29997209 | F26: 0 | L26: 19176130
A27: 1.1.01.02.004 | B27: BANCO DO BRASIL 60030-X - R. DE CONTING. | C27: 0 | D27: 267039.08 | E27: 267039.08 | F27: 0 | L27: -518333.97
A28: 1.1.01.02.006 | B28: BANCO DO BRASIL-11540-1 - R. DE REPASSE | C28: 0 | D28: 0 | E28: 0 | F28: 0
A29: 1.1.01.02.008 | B29: BANCO DO BRASIL-11542-8 - R. DE CONTING. | C29: 0 | D29: 0 | E29: 0 | F29: 0
A30: 1.1.01.02.009 | B30: BANCO DO BRASIL-11544-4 - R. DE CAPTAÇÃO | C30: 0 | D30: 0 | E30: 0 | F30: 0
A31: 1.1.01.02.013 | B31: BANCO DO BRASIL-13279-9 - PROJETO FLUXO SP | C31: 0 | D31: 0 | E31: 0 | F31: 0
A32: 1.1.01.02.014 | B32: BANCO DO BRASIL-13280-2 - PROJETO FLUXO SP | C32: 0 | D32: 0 | E32: 0 | F32: 0
A33: 1.1.01.03 | B33: APLICAÇÕES FINANCEIRAS | C33: 10388809 | D33: 22804346 | E33: 22255926 | F33: 11628963 | L33: 231751.27
A34: 1.1.01.03.001 | B34: BANCO DO BRASIL - 106615-3 - POIESIS | C34: 0 | D34: 0 | E34: 0 | F34: 0
A35: 1.1.01.03.002 | B35: BANCO DO BRASIL 60010-5 - APLIC - R. DE REPASSE | C35: 5435271.1 | D35: 22318352 | E35: 22133838 | F35: 6189524 | H35: 5619784.7 | I35: 0 | L35: -17739952
A36: 1.1.01.03.004 | B36: BANCO DO BRASIL 60030-X - R. DE CONTING. | C36: 4953537.5 | D36: 485994.43 | E36: 122087.42 | F36: 5439438.8 | H36: 5317444.5 | I36: 0 | L36: -121994.32
A37: 1.1.01.03.006 | B37: BANCO DO BRASIL-11540-1 - R. DE REPASSE | C37: 0 | D37: 0 | E37: 0 | F37: 0
A38: 1.1.01.03.007 | B38: BANCO DO BRASIL-11541-X - R. DE RESERVA | C38: 0 | D38: 0 | E38: 0 | F38: 0
A39: 1.1.01.03.008 | B39: BANCO DO BRASIL-11542-8 - R. DE CONTING. | C39: 0 | D39: 0 | E39: 0 | F39: 0
A40: 1.1.01.03.009 | B40: BANCO DO BRASIL-11544-4 - R. DE CAPTAÇÃO | C40: 0 | D40: 0 | E40: 0 | F40: 0
A41: 1.1.02 | B41: REALIZAVEIS A CURTO PRAZO | C41: 2406647.9 | D41: 563612.93 | E41: 268147.01 | F41: 2702113.9
A42: 1.1.02.01 | B42: CONTAS A RECEBER | C42: 2656.98 | D42: 0 | E42: 0 | F42: 2656.98
A43: 1.1.02.01.001 | B43: CONTAS A RECEBER | C43: 0 | D43: 0 | E43: 0 | F43: 0
A44: 1.1.02.01.002 | B44: ALUGUEIS A RECEBER | C44: 0 | D44: 0 | E44: 0 | F44: 0
A45: 1.1.02.01.010 | B45: VALORES A IDENTIFICAR | C45: 2656.98 | D45: 0 | E45: 0 | F45: 2656.98
A46: 1.1.02.02 | B46: ADIANTAMENTOS | C46: 2350948 | D46: 563612.93 | E46: 263988.38 | F46: 2650572.5
A47: 1.1.02.02.001 | B47: ADIANTAMENTO DE FERIAS | C47: 211710.54 | D47: 103839.4 | E47: 194741.37 | F47: 120808.57
A48: 1.1.02.02.002 | B48: ADIANTAMENTO A FORNECEDORES | C48: 1978672.9 | D48: 369324.23 | E48: 3397.71 | F48: 2344599.4
... A116: 1.2.04.02.001 | B116: AMORTIZÇÃO DE SOFTWARES | C116: -479108.58 | D116: 0 | E116: 0 | F116: -479108.58
A117: 2 | B117: PASSIVO | C117: -24431474 | D117: 16457424 | E117: 15903238 | F117: -23877288 | H117: =C117-F117 -> -554186.26 | I117: =+H117-H118 -> -233924.75
A118: 2.1 | B118: PASSIVO CIRCULANTE | C118: -8126825.4 | D118: 8055927.6 | E118: 7604446.3 | F118: -7675344.1 | H118: =C118-F118+131219.76 -> -320261.51 | I118: =+[1]QUADRIMESTRAL!H96 -> 0
A119: 2.1.01 | B119: EXIGIVEIS A CURTO PRAZO | C119: -2907244.4 | D119: 3525598.3 | E119: 2956517.7 | F119: -2338163.8
A120: 2.1.01.01 | B120: FORNECEDORES | C120: -2464776.4 | D120: 2334965.9 | E120: 2847211.9 | F120: -2977022.4 | H120: -131219.76
A121: 2.1.01.01.001 | B121: FORNECEDORES NACIONAIS | C121: -1193499.5 | D121: 743699.04 | E121: 1219045.5 | F121: -1668846
A122: 2.1.01.01.002 | B122: FORNECEDORES PRESTADORES DE SERVIÇOS-PJ | C122: -192629.85 | D122: 1591233.2 | E122: 1627589.1 | F122: -228985.81
A123: 2.1.01.01.003 | B123: ESTORNOS DE PAGAMENTOS | C123: 0 | D123: 0 | E123: 0 | F123: 0
A124: 2.1.01.01.004 | B124: FORNECEDORES - PROVISÃO | C124: -1030345 | D124: 33.7 | E124: 577.19 | F124: -1030888.5
A125: 2.1.01.01.006 | B125: EMPRESTIMOS CONSIGNADO | C125: -9079.2 | D125: 0 | E125: 0 | F125: -9079.2
A126: 2.1.01.01.008 | B126: SEGUROS À PAGAR | C126: -24802.95 | D126: 0 | E126: 0 | F126: -24802.95
A127: 2.1.01.01.009 | B127: ADIANTAMENTO A CLIENTES | C127: -14419.93 | D127: 0 | E127: 0 | F127: -14419.93
A128: 2.1.01.02 | B128: CONTA CORRENTE ENTRE CONTRATOS | C128: -442467.97 | D128: 1190632.4 | E128: 109305.79 | F128: 638858.6
A129: 2.1.01.02.001 | B129: POIESIS - FILIAL 01 | C129: -0.01 | D129: 0 | E129: 0 | F129: -0.01
A130: 2.1.01.02.002 | B130: FÁBRICAS E CULTURA CG 03/2020 | C130: -169.99 | D130: 109305.79 | E130: 0 | F130: 109135.8
A131: 2.1.01.02.003 | B131: MUSEUS - CG 01/2023 | C131: -320622.85 | D131: 320622.85 | E131: 0 | F131: 0 | G131: 1
A132: 2.1.01.02.004 | B132: PRONAC Nº 230555 | C132: -240009.19 | D132: 240009.19 | E132: 0 | F132: 0
A133: 2.1.01.02.005 | B133: PRONAC Nº 247163 | C133: 0 | D133: 0 | E133: 0 | F133: 0
A134: 2.1.01.02.007 | B134: PROJETO FLUXO | C134: -38106 | D134: 38106 | E134: 0 | F134: 0
A135: 2.1.01.02.008 | B135: TRANSFERÊNCIAS ENTRE CONTRATOS | C135: 156440.07 | D135: 482588.53 | E135: 109305.79 | F135: 529722.81 | I135: 0
A136: 2.1.02 | B136: OBRIGAÇÕES TRABALHISTAS E SOCIAIS | C136: -393180.81 | D136: 4053682.8 | E136: 3952785.4 | F136: -292283.43
A137: 2.1.02.01 | B137: OBRIGAÇÕES TRABALHISTAS E SOCIAIS CLT | C137: -386530.14 | D137: 4053682.8 | E137: 3951858.5 | F137: -284705.86
A138: 2.1.02.01.001 | B138: SALÁRIOS A PAGAR | C138: -80397.85 | D138: 2623446.3 | E138: 2629699.2 | F138: -86650.69
A139: 2.1.02.01.002 | B139: PENSÃO ALIMENTÍCIA A PAGAR | C139: -19770.31 | D139: 13655.05 | E139: 14076.45 | F139: -20191.71
A140: 2.1.02.01.003 | B140: RESCISÃO A PAGAR | C140: -3233.56 | D140: 0 | E140: 0 | F140: -3233.56
A141: 2.1.02.01.004 | B141: INSS A RECOLHER | C141: -20231.24 | D141: 898272.77 | E141: 794130.63 | F141: 83910.9
A142: 2.1.02.01.005 | B142: FGTS A RECOLHER | C142: -100267.81 | D142: 314706.67 | E142: 295421.38 | F142: -80982.52
A143: 2.1.02.01.006 | B143: IRRF SOBRE FOLHA A RECOLHER | C143: -145487.23 | D143: 177648.05 | E143: 195857.31 | F143: -163696.49
A144: 2.1.02.01.007 | B144: PIS SOBRE FOLHA A RECOLHER | C144: 686.6 | D144: 25953.9 | E144: 22358.55 | F144: 4281.95
A145: 2.1.02.01.008 | B145: CONTRIBUIÇÃO SINDICAL A RECOLHER | C145: -1530 | D145: 0 | E145: 315 | F145: -1845
A146: 2.1.02.01.012 | B146: FÉRIAS A PAGAR | C146: -3.09 | D146: 0 | E146: 0 | F146: -3.09
A147: 2.1.02.01.013 | B147: OUTROS BENEFÍCIOS A RECOLHER | C147: -2443.14 | D147: 0 | E147: 0 | F147: -2443.14
... A176: 2.2.02.01.003 | B176: CONTRATO DE GESTÃO - FD CONTINGÊNCIA | C176: -3807313.6 | D176: 0 | E176: 1632125.1 | F176: -5439438.8
A177: 2.2.02.01.004 | B177: OBRIGAÇÔES COM ESTADO-IMOBILIZADO-DEPREC | C177: -9748371.3 | D177: 604082.56 | E177: 0 | F177: -9144288.8 | H177: 273748.96
A178: 2.2.03 | B178: OUTRAS CONTAS A PAGAR | C178: -474801.45 | D178: 8005.1 | E178: 0 | F178: -466796.35
A179: 2.2.03.01 | B179: OUTRAS CONTAS A PAGAR | C179: -162674.78 | D179: 0 | E179: 0 | F179: -162674.78
A180: 2.2.03.01.001 | B180: PROVISÕES TRABALHISTA | C180: -162674.78 | D180: 0 | E180: 0 | F180: -162674.78
A181: 2.2.03.02 | B181: OUTRAS OBRIGACOES | C181: -312126.67 | D181: 8005.1 | E181: 0 | F181: -304121.57
A182: 2.2.03.02.001 | B182: OUTRAS OBRIGACOES C/ SEC | C182: -312126.67 | D182: 8005.1 | E182: 0 | F182: -304121.57
A183: 2.3 | B183: PATRIMONIO SOCIAL | C183: 0 | D183: 0 | E183: 0 | F183: 0
A184: 2.3.01 | B184: PATRIMONIO SOCIAL | C184: 0 | D184: 0 | E184: 0 | F184: 0
A185: 2.3.01.01 | B185: PATRIMONIO SOCIAL | C185: 0 | D185: 0 | E185: 0 | F185: 0
A186: 2.3.01.01.001 | B186: PATRIMONIO SOCIAL | C186: 0 | D186: 0 | E186: 0 | F186: 0
A187: 2.3.02 | B187: SUPERAVIT/DEFICIT ACUMULADOS | C187: 0 | D187: 0 | E187: 0 | F187: 0
A188: 2.3.02.01 | B188: SUPERAVIT/DEFICIT ACUMULADOS | C188: 0 | D188: 0 | E188: 0 | F188: 0
A189: 2.3.02.01.001 | B189: SUPERAVIT/DEFICIT ACUMULADO | C189: 0 | D189: 0 | E189: 0 | F189: 0
A190: 3 | B190: RECEITAS OPERACIONAIS | C190: -49366244 | D190: 0 | E190: 6919973.5 | F190: -56286218 | H190: 0
A191: 3.1 | B191: RECEITA BRUTA | C191: -49366244 | D191: 0 | E191: 6919973.5 | F191: -56286218
A192: 3.1.01 | B192: APORTES DA OPERAÇAO | C192: -49366244 | D192: 0 | E192: 6919973.5 | F192: -56286218
A193: 3.1.01.01 | B193: RECURSOS PÚBLICOS | C193: -49364084 | D193: 0 | E193: 6769371.7 | F193: -56133455
A194: 3.1.01.01.001 | B194: CONTRATOS DE GESTÃO | C194: -41552271 | D194: 0 | E194: 6157284 | F194: -47709555
A195: 3.1.01.01.004 | B195: CONTRATO DE GESTAO - IMOB. DE TERCEIROS | C195: -7811812.5 | D195: 0 | E195: 612087.66 | F195: -8423900.2
A196: 3.1.01.02 | B196: RECURSOS PRÓPRIOS | C196: -2160.21 | D196: 0 | E196: 150601.89 | F196: -152762.1
A197: 3.1.01.02.003 | B197: ALUGUEIS CONTRATO | C197: 0 | D197: 0 | E197: 0 | F197: 0
A198: 3.1.01.02.005 | B198: DOAÇÕES | C198: -2160.21 | D198: 0 | E198: 0 | F198: -2160.21
A199: 3.1.01.02.007 | B199: PARCERIAS FINANCEIRAS | C199: 0 | D199: 0 | E199: 150601.89 | F199: -150601.89
A200: 3.1.01.02.009 | B200: OUTRAS RECEITAS | C200: 0 | D200: 0 | E200: 0 | F200: 0
...
